Cogmind - Beta 15 @@@ ROGUE MODE // 2025.08.28 @ 00:39:04 Player: chebyrekser Result: Escaped! Performance ------------- Evolutions (9) 4500 Regions Visited (30) 6000 Robots Destroyed (409) 2045 Value Destroyed (18790) 18790 Prototype IDs (84) 1680 Alien Tech Used (2) 400 Bonus (14072) 14072 TOTAL SCORE: 47487 Bonus ------- High Alert Combat Kills 3037 Follower Combat Kills 1660 Network Hubs Disabled 200 Destroyed Z-Imprinter 1000 Met Zhirov 300 Met Warlord at Base 500 MAIN.C Attacked Warlord 500 Warlord Defense Kills 228 Built Enhanced Grunts 300 A7 Reached Mainframe 300 Met R17 at Cetus 500 Met R17 at Research 2000 Met Warlord at Research 2000 Win 3000 Friendly Fire -1453 Cogmind --------- Core Integrity 1600/1600 Matter 249/300 Energy 1679/1700 System Corruption 0% Temperature Cool (36) Movement Hovering (20) Location To Epsilon Eridani Parts ------- > --- POWER (2) -------- Vortex Chain Reactor > --- PROPULSION (8) --- Cooled Antigrav System Cooled Antigrav System Combat Antigrav System Combat Antigrav System Combat Antigrav System Experimental Gyrokinetic Inverter Experimental Gyrokinetic Inverter Combat Linear Gravjet > --- UTILITY (12) ----- Advanced Heat Sink Large Storage Unit Assembled Biocell Array Zionite Metafield Generator Advanced Visual Processing Unit Advanced Sensor Array (fused) Experimental Signal Interpreter Assembled Combat Suite Advanced Reaction Control System Improved Propulsion Shielding Assembled Alloy Armor Advanced Force Field > --- WEAPON (3) ------- Enhanced Nova Cannon Enhanced Force Lance > --- INVENTORY (15) --- Graviton Reactor Biometal Heavy Treads Experimental Gyrokinetic Inverter Experimental Gyrokinetic Inverter Advanced Coolant Injector Experimental Energy Well (600) Advanced Terrain Scanner Quantum Capacitor Graphene Brace Hypervelocity Multirail Enhanced Hardcell Cannon Gamma Bomb Array Plasma Cutter Peak State ------------ > --- POWER ------------ Vortex Chain Reactor > --- PROPULSION ------- Cooled Antigrav System Cooled Antigrav System Combat Antigrav System Combat Antigrav System Combat Antigrav System Experimental Gyrokinetic Inverter Experimental Gyrokinetic Inverter Combat Linear Gravjet > --- UTILITY ---------- Advanced Heat Sink Large Storage Unit Assembled Biocell Array Zionite Metafield Generator Advanced Visual Processing Unit Advanced Sensor Array Experimental Signal Interpreter Assembled Combat Suite Advanced Reaction Control System Improved Propulsion Shielding Assembled Alloy Armor Advanced Force Field > --- WEAPON ----------- Enhanced Nova Cannon Hypervelocity Multirail Enhanced Force Lance > --- INVENTORY -------- Graviton Reactor Biometal Heavy Treads Experimental Gyrokinetic Inverter Experimental Gyrokinetic Inverter Advanced Coolant Injector Experimental Energy Well Advanced Terrain Scanner Quantum Capacitor Graphene Brace Enhanced Hardcell Cannon Gamma Bomb Array Plasma Cutter [Rating: 206] Favorites ----------- Power Neutrino Core Engine Improved Deuterium Engine Power Core Neutrino Core Reactor Antimatter Reactor Propulsion Light Treads Treads Light Treads Leg Enhanced Flexi-carbon Leg Wheel Armored Wheel Hover Unit Combat Antigrav System Utility Huge Storage Unit Device Experimental Heat Sink Storage Huge Storage Unit Processor Experimental Signal Interpreter Hackware Ghost Barrier Protection Centrium Medium Armor Plating Weapon Improved EM Pulse Cannon Energy Gun Zionite Phaser-S Energy Cannon Improved EM Pulse Cannon Ballistic Gun KE Penetrator Ballistic Cannon Enhanced Gauss Cannon Launcher Proton Missile Launcher Special Weapon Plasma Cutter Impact Weapon Heavy Mace Slashing Weapon Phasing Sabre Piercing Weapon Enhanced Force Lance Special Melee Weapon Improved Datajack Build | -11 -10 -10 -9 -8 -7 -7 -7 -7 -7 -6 -6 -6 -6 -6 -6 -5 -5 -5 -5 -4 -4 -4 -4 -4 -3 -3 -3 -2 -2 -1 ------- Run | Yrd Mat Min Mat Mat Fac Low Low Zio Dee Pro Fac Ext Cet Arc Hub Fac Upp Upp War Pro Fac Upp Upp Zhi Pro Res Arm Res Tes Acc Slots Evolved 18 | . . . 2 2 2 . . . . . 2 . . . . 2 . . . . 2 . . . . 2 . 2 . 2 Power 1 | . . . . . . . . . . . 1 . . . . . . . . . . . . . . . . . . . Propulsion 6 | . . . 1 1 . . . . . . . . . . . . . . . . . . . . . 1 . 2 . 1 Utility 10 | . . . 1 1 1 . . . . . 1 . . . . 2 . . . . 2 . . . . 1 . . . 1 Weapon 1 | . . . . . 1 . . . . . . . . . . . . . . . . . . . . . . . . . Parts Attached 311 | 7 3 3 19 36 32 3 1 9 38 1 5 6 8 2 10 15 2 1 7 1 21 2 4 2 9 36 9 9 9 1 Power 40 | 1 . . 3 2 2 1 . . 5 . 1 1 1 1 3 2 . 1 . . 3 . 2 . 3 8 . . . . Engine 14 | 1 . . 3 2 2 1 . . 1 . 1 1 . 1 1 . . . . . . . . . . . . . . . Core 6 | . . . . . . . . . 1 . . . . . . 1 . 1 . . 1 . 2 . . . . . . . Reactor 20 | . . . . . . . . . 3 . . . 1 . 2 1 . . . . 2 . . . 3 8 . . . . Propulsion 80 | 2 1 3 7 16 7 . 1 . 5 . 1 2 3 . 2 2 . . 1 . 5 . . . 3 10 1 4 3 1 Treads 42 | 1 1 1 7 15 2 . . . 1 . . . 2 . 2 2 . . 1 . . . . . 1 3 . 3 . . Leg 12 | . . . . . . . . . 3 . 1 2 1 . . . . . . . . . . . 2 2 . 1 . . Wheel 15 | 1 . 2 . 1 5 . 1 . . . . . . . . . . . . . 5 . . . . . . . . . Hover 11 | . . . . . . . . . 1 . . . . . . . . . . . . . . . . 5 1 . 3 1 Flight . | . . . . . . . . . . . . . . . . . . . . . . . . . . . . . . . Utility 112 | 2 2 . 2 8 12 1 . 4 19 1 2 1 2 1 1 6 1 . 6 1 8 1 2 2 3 13 5 3 3 . Device 58 | 1 1 . . 4 5 1 . 1 7 1 1 . . 1 1 4 . . 5 1 4 1 2 1 3 9 2 . 2 . Storage 10 | 1 1 . . . 2 . . . 2 . . . . . . . . . 1 . 1 . . . . 1 . 1 . . Processor 10 | . . . . . 1 . . 1 3 . . . . . . 1 1 . . . 1 . . . . . . 1 1 . Hackware 4 | . . . . . . . . . . . . . . . . . . . . . 1 . . . . . 3 . . . Protection 30 | . . . 2 4 4 . . 2 7 . 1 1 2 . . 1 . . . . 1 . . 1 . 3 . 1 . . Artifact . | . . . . . . . . . . . . . . . . . . . . . . . . . . . . . . . Weapon 79 | 2 . . 7 10 11 1 . 5 9 . 1 2 2 . 4 5 1 . . . 5 1 . . . 5 3 2 3 . Energy Gun 16 | . . . 2 2 3 . . . 5 . . 1 . . . 1 1 . . . 1 . . . . . . . . . Energy Cannon 17 | . . . . . 3 . . 2 2 . 1 . 1 . 4 1 . . . . 1 . . . . . 1 . 1 . Ballistic Gun 16 | 2 . . 2 6 1 . . . . . . . 1 . . 2 . . . . . 1 . . . . . . 1 . Ballistic Cannon 10 | . . . . . 2 . . . . . . 1 . . . 1 . . . . 1 . . . . 2 . 2 1 . Launcher 12 | . . . 1 1 . 1 . 2 1 . . . . . . . . . . . 2 . . . . 2 2 . . . Special Weapon 2 | . . . 1 . . . . 1 . . . . . . . . . . . . . . . . . . . . . . Impact Weapon 2 | . . . 1 1 . . . . . . . . . . . . . . . . . . . . . . . . . . Slashing Weapon 2 | . . . . . 1 . . . 1 . . . . . . . . . . . . . . . . . . . . . Piercing Weapon 1 | . . . . . . . . . . . . . . . . . . . . . . . . . . 1 . . . . Special Melee Weapon 1 | . . . . . 1 . . . . . . . . . . . . . . . . . . . . . . . . . Unidentified Prototypes 60 | . . . 2 3 1 . . 1 17 . 1 . 4 . 2 1 1 . 2 . 5 . . 3 1 8 2 1 5 . Corrupted Parts 7 | . . . . . . . . . . . . . 2 . 3 . . . . . . . . . . 2 . . . . System Corruption 61 | . . . . . . . . . . . . . 16 . 28 . . . . . . . . . . 17 . . . . Parts Lost 75 | . . 2 4 3 11 3 . . 4 1 5 2 2 . 2 3 1 1 . 4 6 3 . . 4 14 . . . . Power 9 | . . . 1 . . 1 . . . . . 1 1 . . 1 . 1 . 1 1 . . . . 1 . . . . Propulsion 19 | . . 2 1 2 3 1 . . 3 . . . 1 . . . . . . . 1 1 . . 1 3 . . . . Utility 31 | . . . 2 1 5 . . . . 1 1 1 . . 2 1 1 . . 3 3 2 . . 1 7 . . . . Weapon 16 | . . . . . 3 1 . . 1 . 4 . . . . 1 . . . . 1 . . . 2 3 . . . . Highest Loss Streak 8 | . . 1 2 2 3 2 . . 2 1 5 2 2 . 2 1 1 1 . 4 2 3 . . 2 8 . . . . To Critical Strikes 2 | . . . . . . . . . . . . . 2 . . . . . . . . . . . . . . . . . Average Backups 20 | 5 16 19 19 19 22 24 24 24 16 23 23 23 22 22 21 22 23 23 23 21 22 22 21 22 22 22 4 12 13 12 Power 1 | . 2 3 2 2 3 2 2 2 1 2 2 1 1 1 1 1 2 1 1 1 1 1 1 1 1 1 . 1 1 1 Propulsion 2 | 3 4 3 2 1 2 2 2 2 1 . . . 1 2 2 . . . 2 3 5 5 5 5 4 3 . 2 2 3 Utility 10 | . 4 5 5 5 7 9 9 10 9 15 15 17 15 15 14 14 15 15 15 13 11 9 8 9 10 11 3 3 4 4 Weapon 5 | . 5 7 7 7 7 9 8 9 3 5 4 3 3 3 3 4 4 5 3 3 3 5 6 5 5 4 1 4 3 3 Tool/Special . | . . . . . . . . . . . . . . . . . . . . . . . . . . . . . . . Unused Backups 104 | . 4 2 9 10 8 . . 4 22 . 1 2 2 . . 3 2 . 6 . 6 . . . . 7 1 4 4 7 Power 19 | . . . 4 1 2 . . . 4 . 1 . . . . 1 . . 1 . . . . . . 1 . 1 2 1 Propulsion 17 | . 3 1 . . . . . . 2 . . . . . . . 1 . . . 4 . . . . 2 . 2 . 2 Utility 38 | . 1 1 1 3 3 . . 2 12 . . 1 2 . . . 1 . 2 . 2 . . . . 3 . . 1 3 Weapon 28 | . . . 4 5 3 . . 2 4 . . 1 . . . 2 . . 2 . . . . . . 1 1 1 1 1 Tool/Special 2 | . . . . 1 . . . . . . . . . . . . . . 1 . . . . . . . . . . . Average Slot Usage (%) 91 | . 98 99 92 96 95 93 97 97 94 99 85 99 96 70 85 87 92 93 93 85 89 91 84 71 83 87 89 85 87 92 Engine 4 | . 13 14 11 9 7 7 7 7 3 . . 8 13 13 8 2 . . . . . . . . . . . . . . Core 1 | . . . . . . . . . . . . . . . . . 5 9 11 6 4 5 6 10 . . . . . . Reactor 3 | . . . . . . . . . 3 7 6 4 . . 3 6 5 . . . 4 5 3 . 9 8 4 4 4 4 Treads 11 | . 14 14 21 33 21 11 7 7 13 7 5 . 1 13 13 11 17 17 17 17 12 8 5 5 4 2 . . . . Leg 5 | . . . . . . . . . 7 23 20 26 21 . . . . . . . . . . . . 16 . . . . Wheel 4 | . 14 13 10 1 8 15 21 23 5 . . . . . . . . . . . 4 5 5 5 5 . . . . . Hover 1 | . . . . . . . . . . . . . . . . . . . . . . . . . . . 23 21 26 31 Device 20 | . 14 14 11 17 17 23 23 22 14 21 19 20 20 20 20 23 26 24 27 26 25 27 26 26 26 24 26 21 20 23 Storage 7 | . 14 14 11 9 7 7 7 7 5 7 6 6 6 6 6 5 5 5 5 5 7 10 10 10 10 8 5 7 8 8 Processor 4 | . . . . . . . . . 5 7 6 6 6 6 6 10 9 11 11 3 4 5 5 5 5 4 4 6 8 8 Protection 5 | . . . 4 7 7 7 7 7 9 . 3 5 6 4 5 5 1 4 1 5 5 3 . 1 . 5 4 5 8 8 Energy Gun 4 | . . . 8 7 8 7 14 12 5 17 8 4 . . . 1 3 5 3 . . . . . . . . . . . Energy Cannon 6 | . . . . . . . . 2 11 . 4 11 15 4 12 9 6 5 6 10 5 5 5 . 5 11 3 4 2 4 Ballistic Gun 4 | . 27 28 11 9 5 . . . . . . . . . 5 5 5 5 4 5 4 4 5 . 4 . . . . . Ballistic Cannon 1 | . . . . . 3 7 7 2 1 . . . . . . . . . . . 4 4 3 . 4 . . . 1 . Peak Build Rating 206 | 7 9 10 20 31 41 43 43 46 94 93 97 96 117 117 129 136 127 128 125 127 135 132 121 124 127 186 172 170 187 206 Average Rating 87 | 5 8 9 15 24 35 39 42 42 63 87 84 91 95 99 119 130 120 123 120 114 124 126 116 99 120 167 153 150 167 193 On Entrance 89 | . 7 9 10 15 31 41 37 43 46 93 85 89 88 117 117 119 124 122 125 124 109 128 120 115 122 97 166 140 160 187 Naked Turns . | . . . . . . . . . . . . . . . . . . . . . . . . . . . . . . . Heaviest Build 202 | 13 48 48 62 62 202 116 114 135 136 129 135 143 135 131 152 155 143 141 164 164 167 150 150 151 155 190 75 119 119 109 Greatest Support 160 | 20 20 16 40 83 83 24 40 40 80 80 97 97 160 160 160 160 134 134 134 134 134 28 28 28 50 153 86 71 102 128 Greatest Overweight (x) 41 | . 2 4 6 5 10 4 4 3 41 1 1 1 2 . . 1 1 1 1 1 15 5 5 5 5 2 1 1 1 . Average Overweight (x) 2 | . 1 3 3 . 4 4 2 2 4 1 1 1 . . . . . . . 1 4 4 4 4 4 . . . . . Largest Inventory Capacity 25 | 8 20 20 20 20 25 25 25 25 25 25 25 25 25 25 25 25 25 25 25 25 25 25 25 25 25 25 5 15 15 15 Average Capacity 22 | 7 19 20 20 20 24 25 25 25 19 25 25 25 25 25 25 25 25 25 25 25 25 25 25 25 25 24 5 14 15 15 Most Carried 25 | 7 20 20 20 20 25 25 25 25 25 25 25 25 25 25 25 25 25 25 25 25 25 25 25 25 25 25 5 15 15 15 Average Carried 21 | 5 16 19 19 19 22 24 24 24 16 24 24 24 24 25 24 24 24 24 24 23 24 24 23 24 24 23 4 12 14 14 Final Capacity 25 | 8 20 20 20 20 25 25 25 25 25 25 25 25 25 25 25 25 25 25 25 25 25 25 25 25 25 5 5 15 15 15 Final Carried 25 | 7 19 20 20 20 25 24 25 25 25 25 25 25 25 25 20 25 25 25 25 23 25 23 24 25 25 5 4 15 14 15 Class Distribution -------------------- 22% | Scavenger-Tank 20% | Scavenger-Mutant 16% | Scavenger-Skirmisher 10% | Mutant 5% | Golem 5% | Tank 5% | Hacker-Skirmisher 5% | Scavenger-Gunner Dominant Class ---------------- Mutant | -10/Materials Mutant | -10/Mines Scavenger-Mutant | -9/Materials Scavenger-Mutant | -8/Materials Scavenger-Tank | -7/Factory Mutant | -7/Lower Caves Tank | -7/Lower Caves Tank | -7/Zion Scavenger-Mutant | -7/Deep Caves Scavenger-Skirmisher | -6/Proximity Caves Scavenger-Mutant | -6/Factory Scavenger-Skirmisher | -6/Extension Scavenger-Tank | -6/Cetus Scavenger-Mutant | -6/Archives Scavenger-Tank | -6/Hub_04(d) Scavenger-Skirmisher | -5/Factory Scavenger-Skirmisher | -5/Upper Caves Scavenger-Tank | -5/Upper Caves Scavenger-Skirmisher | -5/Warlord Scavenger-Tank | -4/Proximity Caves Scavenger-Tank | -4/Factory Scavenger-Tank | -4/Upper Caves Hacker-Skirmisher | -4/Upper Caves Hacker-Mutant | -4/Zhirov Hacker-Skirmisher | -3/Proximity Caves Golem | -3/Research Scavenger-Scout | -3/Armory Scavenger-Assassin | -2/Research Scavenger-Scout | -2/Testing Scavenger-Scout | -1/Access Resources | -11 -10 -10 -9 -8 -7 -7 -7 -7 -7 -6 -6 -6 -6 -6 -6 -5 -5 -5 -5 -4 -4 -4 -4 -4 -3 -3 -3 -2 -2 -1 ----------- Run | Yrd Mat Min Mat Mat Fac Low Low Zio Dee Pro Fac Ext Cet Arc Hub Fac Upp Upp War Pro Fac Upp Upp Zhi Pro Res Arm Res Tes Acc Matter Collected 13562 | 282 342 78 613 1053 1226 132 108 144 797 403 118 389 279 160 539 931 142 160 468 199 1651 313 426 . 622 1394 182 169 217 25 Remotely 1485 | . . . . . . . . . . . . . . . . . . . 420 . 462 128 205 . 270 . . . . . Salvage Created 20088 | 104 546 249 1227 1707 1349 60 78 . 602 519 189 1294 608 418 794 1186 169 46 102 417 2282 202 60 . 389 4797 . 466 138 90 Parts 948 | 6 34 13 72 93 61 7 7 . 23 26 11 49 25 22 42 70 3 3 . 19 95 9 2 . 29 202 . 11 8 6 Haulers Intercepted 16 | . 2 . 4 5 1 . . . . . . 1 . . 1 . . . . . . . . . . . . 2 . . Recyclers Shooed 18 | . 1 . 1 . 2 . . . . . . 1 . . . 3 . . . . 8 . . . . 1 . 1 . . Parts Field Recycled . | . . . . . . . . . . . . . . . . . . . . . . . . . . . . . . . Retrieved Matter . | . . . . . . . . . . . . . . . . . . . . . . . . . . . . . . . Parts Self-Destructed 98 | . . . . . . 9 7 . . 21 . . . . . . 2 3 . 19 . 9 6 . 22 . . . . . Prevented 8 | . . . . . . . . . . 2 . . . . . . . . . . . . . . 6 . . . . . Kills | -11 -10 -10 -9 -8 -7 -7 -7 -7 -7 -6 -6 -6 -6 -6 -6 -5 -5 -5 -5 -4 -4 -4 -4 -4 -3 -3 -3 -2 -2 -1 ------- Run | Yrd Mat Min Mat Mat Fac Low Low Zio Dee Pro Fac Ext Cet Arc Hub Fac Upp Upp War Pro Fac Upp Upp Zhi Pro Res Arm Res Tes Acc Combat Hostiles Destroyed 307 | . 10 5 22 30 25 7 2 . 6 19 5 13 7 2 15 17 2 1 2 8 30 5 1 . 9 62 . 1 . 1 Guns 109 | . 10 5 17 25 15 . . . 2 4 1 2 . 2 6 5 2 1 2 1 7 1 1 . . . . . . . Cannons 109 | . . . . . 8 . 2 . 1 . 2 8 1 . 6 7 . . . 7 20 3 . . 5 38 . . . 1 AOE 61 | . . . 4 3 . 6 . . 1 15 2 2 . . 3 4 . . . . 3 1 . . 4 13 . . . . Classes Destroyed 26 | 2 5 1 3 1 2 . . . 2 1 . 1 . . 2 1 . . 1 . . . . . . 4 . . . . Worker 18 | . 2 . . 1 7 . . . . . 1 1 . . 1 1 . . . . 3 . . . . . . . 1 . Builder 13 | . . . 1 1 . . . . . . . 3 . . . 4 . . . . 3 . . . . . . . . 1 Tunneler 6 | 1 1 1 . 3 . . . . . . . . . . . . . . . . . . . . . . . . . . Hauler 16 | . 2 . 4 5 1 . . . . . . 1 . . 1 . . . . . . . . . . . . 2 . . Recycler 18 | 1 . . . 1 . . . . . . . 2 . . . 1 . . . . 11 . . . . . . 1 1 . Mechanic 1 | . . . . . . . . . . . . . . . . 1 . . . . . . . . . . . . . . Operator 9 | . . . 1 . . . . . . . . . . 8 . . . . . . . . . . . . . . . . Drone 2 | . . . . . . . . . . 2 . . . . . . . . . . . . . . . . . . . . Watcher 19 | . 1 . 2 4 1 . . . . . 1 2 2 . 1 3 . . . . 1 . . . . 1 . . . . Swarmer 65 | . 3 1 3 7 1 7 . . . 11 . 3 . . . 4 . . . 2 13 . . . 6 4 . . . . Cutter 3 | . . . . . . . . . . . . . . . 3 . . . . . . . . . . . . . . . Grunt 107 | . 7 3 12 16 12 . . . . 5 3 5 2 . 5 3 1 . 1 1 3 . . . . 28 . . . . Brawler 6 | . . . . 1 1 . . . . . . . . . . . 1 . . 2 . . . . . 1 . . . . Duelist 6 | . . . 1 . 2 . . . . . . . . . . . . . . 1 . . . . . 2 . . . . Protector 2 | . . . . . . . . . . . . . . . . . . . 1 . . . . . . 1 . . . . Sentry 30 | . . 1 6 6 1 . . . . 1 1 2 . 2 1 3 . . . . 1 1 . . 1 2 . 1 . . Demolisher 5 | . . . . . . . . . . . . . . . . . . . . . . . . . . 5 . . . . Hunter 13 | . . . . . 1 . . . . . . 1 . . 2 1 . . . . 4 2 . . . 2 . . . . Programmer 38 | . . . . . 7 . 2 . . . 1 1 . . 2 5 . 1 . 2 9 2 1 . 2 2 . . . 1 Heavy 3 | . . . . . . . . . . . . . . . 2 1 . . . . . . . . . . . . . . Behemoth 2 | . . . . . . . . . . . . 1 . . . . . . . . . . . . . 1 . . . . Cetus Guard 5 | . . . . . . . . . . . . . 5 . . . . . . . . . . . . . . . . . Enhanced Grunt 1 | . . . . . . . . . 1 . . . . . . . . . . . . . . . . . . . . . Striker 10 | . . . . . . . . . . . . . . . . . . . . . . . . . . 10 . . . . Executioner 3 | . . . . . . . . . . . . . . . . . . . . . . . . . . 3 . . . . Z-Light 4 | . . . . . . . . . 4 . . . . . . . . . . . . . . . . . . . . . Golem 2 | . . . . . . . . . 2 . . . . . . . . . . . . . . . . . . . . . Guerrilla 1 | . . . . . . . . . . . . 1 . . . . . . . . . . . . . . . . . . Revision 1 | . . . . . . . . . . . . . . . . . . . . . . . . . . 1 . . . . Best Kill Streak 18 | 2 4 2 4 5 5 4 1 . 3 4 5 8 4 4 3 9 2 1 1 3 6 2 1 . 3 18 . 1 2 1 Combat Bots Only 18 | . 4 2 4 4 4 4 1 . 3 4 5 4 3 1 3 8 2 1 1 3 5 2 1 . 3 18 . 1 . 1 Max Kills in Single Turn 4 | 1 1 1 2 2 3 3 1 . 1 4 2 4 1 1 2 2 1 1 1 2 2 1 1 . 2 3 . 1 1 1 Gunslinging . | . . . . . . . . . . . . . . . . . . . . . . . . . . . . . . . Exploded 4 | . . . 2 2 . 3 . . 1 4 2 1 . . 2 2 . . . . 2 1 . . 2 3 . . . . Melee . | . . . . . . . . . . . . . . . . . . . . . . . . . . . . . . . Uniques/NPCs Destroyed 1 | . . . . . . . . . 1 . . . . . . . . . . . . . . . . . . . . . Z-Imprinter (-7/Deep Caves) Combat | -11 -10 -10 -9 -8 -7 -7 -7 -7 -7 -6 -6 -6 -6 -6 -6 -5 -5 -5 -5 -4 -4 -4 -4 -4 -3 -3 -3 -2 -2 -1 -------- Run | Yrd Mat Min Mat Mat Fac Low Low Zio Dee Pro Fac Ext Cet Arc Hub Fac Upp Upp War Pro Fac Upp Upp Zhi Pro Res Arm Res Tes Acc Hostile Shots Fired 1840 | . 60 22 98 159 185 21 4 . 34 37 58 81 30 6 145 119 5 8 18 46 227 56 4 . 40 342 9 6 10 10 Missed 553 | . 22 6 25 48 51 7 . . 10 9 24 23 10 3 38 24 3 1 4 6 67 24 1 . 13 118 3 2 2 9 Hits 1287 | . 38 16 73 111 134 14 4 . 24 28 34 58 20 3 107 95 2 7 14 40 160 32 3 . 27 224 6 4 8 1 Melee 92 | . . . 4 . 17 . . . . . 3 . . . . . 1 . . 19 . . . . 1 43 4 . . . Projectile 1195 | . 38 16 69 111 117 14 4 . 24 28 31 58 20 3 107 95 1 7 14 21 160 32 3 . 26 181 2 4 8 1 AOE 16 | . . . . . . . . . . . . . . . 3 . . . . . 1 . . . . 10 2 . . . Critical Strikes 72 | . . 1 3 2 10 . . . . 1 2 1 9 . 4 3 . . 2 6 7 . . . 1 17 2 1 . . Part Disruptions 8 | . . . . . . 1 . . . . . . . . . 2 . . 4 . 1 . . . . . . . . . Damage Taken 23197 | . 475 214 1044 1624 2232 392 59 . 815 332 432 839 421 77 2213 1584 53 138 463 835 2217 386 86 . 586 5216 168 84 189 23 Core 2241 | . 105 29 121 189 311 . . . 117 15 67 39 24 . 180 126 . . 30 51 219 25 . . 16 481 50 38 8 . Absorbed by Shields 3950 | . . . . . 24 . . . . 70 118 58 116 . . 537 19 50 59 392 779 126 . . 126 1366 . . 110 . Reduced by Siege Mode 292 | . . . . . . . . . . . . . . . 21 70 . . . 23 40 . . . . 138 . . . . Redirected to Shielding 321 | . . . . 11 . . . . 102 . . . . . . . . . . . . . . . 64 69 . . 75 . Ignored by Resistances 1134 | . . . . . 6 . . . . . . . . . . . . . . . . . . . . 1012 36 16 59 5 Regen/Repaired (Parts) 330 | . 113 . . . . . . . . . . . . . . . . . 87 . . . . . . . 130 . . . Core Remaining (%) 71 | 100 . 46 69 65 . . . . . 36 . . . . 63 . . . . 79 . . . . 69 . 59 . 96 100 Volleys Fired 1202 | 6 61 26 88 113 91 7 2 . 44 13 37 43 15 61 55 83 9 2 9 18 131 17 2 . 29 151 13 34 26 16 Largest 3 | 2 2 2 2 2 3 2 3 . 3 3 3 3 3 3 3 3 3 3 3 3 3 3 3 . 3 3 1 2 2 2 Hottest 330 | 40 40 40 100 80 195 95 164 . 207 193 193 250 234 210 215 221 330 203 221 221 221 190 190 . 190 125 120 178 178 170 Shots Fired 2390 | 12 122 52 162 223 260 11 6 . 88 23 45 104 23 68 123 176 20 8 23 52 293 46 8 . 54 296 13 35 27 17 Gun 1117 | 12 122 52 150 220 200 3 4 . 35 12 30 19 . 5 34 64 14 4 8 16 82 14 2 . 14 . . . . 1 Cannon 1180 | . . . . . 60 4 2 . 52 . 13 76 13 63 86 111 6 4 15 36 208 32 4 . 33 271 13 35 27 16 Launcher 83 | . . . 2 3 . 4 . . 1 11 2 9 10 . 3 1 . . . . 3 . 2 . 7 25 . . . . Special 10 | . . . 10 . . . . . . . . . . . . . . . . . . . . . . . . . . . Kinetic 949 | 12 122 52 96 152 151 4 2 . 12 . . . . 5 34 45 4 2 8 16 158 29 3 . 22 15 2 1 1 1 Thermal 1195 | . . . 10 68 106 3 4 . 35 2 35 57 3 63 86 130 16 6 15 36 132 17 3 . 25 256 11 34 26 16 Explosive 22 | . . . 2 3 . 4 . . 1 7 2 . . . . . . . . . 3 . . . . . . . . . Electromagnetic 203 | . . . 54 . 3 . . . 36 4 1 47 20 . 3 1 . . . . . . 2 . 7 25 . . . . Phasic 21 | . . . . . . . . . 4 10 7 . . . . . . . . . . . . . . . . . . . Robot Hit Streak 22 | 4 12 11 11 19 13 2 4 . 11 9 6 16 13 8 11 22 11 3 8 9 12 5 2 . 5 21 . 4 1 2 Robot Miss Streak 8 | 3 4 3 6 4 5 2 1 . 4 2 2 4 2 8 3 6 1 1 2 5 8 3 1 . 3 2 . 1 1 . Penetration Max 1 | . . . . . . . . . . . . . . . 1 1 . . 1 1 1 . . . . 1 . . . . Secondary Targets 6 | . 3 . . 2 1 . . . . . . . . . . . . . . . . . . . . . . . . . Max Gunslinging Chain 1 | . 1 . . 1 1 . . . . . . . . . . . . . . . . . . . . . . . . . Shots Hit Robots 1294 | 6 79 32 107 155 155 5 4 . 46 13 17 64 9 39 71 87 13 4 15 25 133 23 3 . 16 162 . 5 3 3 Core Hits 775 | 3 40 17 56 75 57 6 3 . 16 24 14 37 25 20 32 44 6 2 13 14 67 10 2 . 13 172 . 4 2 1 Critical Kills 8 | . 1 . . 1 . . . . . . . . . 1 1 1 . . . . 2 . . . . . . 1 . . Critical Parts Destroyed 16 | . 1 1 . 1 1 . . . . . . . . 1 4 4 . . . 1 1 . . . 1 . . . . . Critical Strikes 52 | . 2 1 . 6 7 . 1 . 3 . . 1 . 2 5 5 . . . 1 10 2 . . 3 1 . 1 1 . Burn 11 | . . . . 4 4 . . . 2 . . 1 . . . . . . . . . . . . . . . . . . Meltdown 4 | . . . . . . . . . . . . . . . . 1 . . . . 2 . . . . . . 1 . . Destroy 20 | . 2 1 . 2 1 . . . . . . . . 2 5 4 . . . 1 1 . . . 1 . . . . . Blast 17 | . . . . . 2 . 1 . 1 . . . . . . . . . . . 7 2 . . 2 1 . . 1 . Melee Attacks 82 | . . . 4 8 20 1 . . 3 . . . . . . . . . . . . . . . . . 21 . 20 5 Impact 24 | . . . 4 8 12 . . . . . . . . . . . . . . . . . . . . . . . . . Slashing 12 | . . . . . 8 1 . . 3 . . . . . . . . . . . . . . . . . . . . . Piercing 46 | . . . . . . . . . . . . . . . . . . . . . . . . . . . 21 . 20 5 Sneak Attacks 6 | . . . . 2 . 1 . . . . . . . . . . . . . . . . . . . . . . 2 1 Combat Hostiles . | . . . . . . . . . . . . . . . . . . . . . . . . . . . . . . . Follow-up Attacks . | . . . . . . . . . . . . . . . . . . . . . . . . . . . . . . . Damage Inflicted 48120 | 61 669 256 1663 2985 3466 669 116 . 1373 1832 1150 2538 1326 1262 2709 3546 371 220 798 1017 6178 881 71 . 839 11331 . 253 309 231 Guns 13358 | 61 669 256 1450 2629 2440 44 48 . 471 364 236 281 . 131 619 1165 215 92 324 170 1316 122 65 . 190 . . . . . Cannons 24023 | . . . . . 1026 27 68 . 624 . 374 1605 249 1131 1869 2121 156 50 474 847 4567 608 . . 347 7530 . 253 41 56 Explosions 9962 | . . . 213 163 . 538 . . 197 1468 540 652 1077 . 221 260 . 78 . . 295 151 6 . 302 3801 . . . . Melee 777 | . . . . 193 . 60 . . 81 . . . . . . . . . . . . . . . . . . . 268 175 Ramming . | . . . . . . . . . . . . . . . . . . . . . . . . . . . . . . . Kinetic 12148 | 61 669 256 787 1737 2197 27 68 . 142 . . . . 131 619 816 42 56 324 170 2876 290 65 . 322 452 . . 41 . Thermal 23984 | . . . 112 892 1184 44 48 . 522 67 447 1158 415 1131 1955 2576 329 164 474 847 3007 591 . . 215 7497 . 253 . 56 Explosive 3049 | . . . 101 163 . 538 . . 197 1215 540 . . . . . . . . . 295 . . . . . . . . . Electromagnetic 7733 | . . . 663 . 85 . . . 431 253 31 1380 911 . 135 154 . . . . . . 6 . 302 3382 . . . . Impact 193 | . . . . 193 . . . . . . . . . . . . . . . . . . . . . . . . . . Slashing 141 | . . . . . . 60 . . 81 . . . . . . . . . . . . . . . . . . . . . Piercing 443 | . . . . . . . . . . . . . . . . . . . . . . . . . . . . . 268 175 Phasic 429 | . . . . . . . . . . 297 132 . . . . . . . . . . . . . . . . . . . Highest Corruption 53 | . . . . . 13 13 14 14 . . 1 2 18 18 53 8 10 11 12 17 12 13 13 13 13 21 21 . . . Average Corruption 8 | . . . . . 9 13 13 14 . . 1 1 4 11 12 5 8 10 2 13 9 12 13 13 5 2 17 . . . Corruption Purged 27 | . . . . . . . . . . . . . . 7 . . . . . . . . . . 9 . 11 . . . Corruption Blocked . | . . . . . . . . . . . . . . . . . . . . . . . . . . . . . . . Effects 598 | . . . . . 66 26 14 5 . . 1 19 11 37 40 36 42 27 4 46 73 43 21 7 49 10 21 . . . Message Errors 150 | . . . . . 22 7 5 2 . . . 7 . 10 6 12 9 6 1 11 20 5 3 5 13 2 4 . . . Matter Fused 127 | . . . . . 7 8 2 3 . . 1 7 1 9 10 6 8 8 2 9 12 12 6 . 11 1 4 . . . Heat Flow Errors 73 | . . . . . 8 3 3 . . . . . 1 2 3 6 7 2 . 7 8 6 4 1 8 2 2 . . . Energy Discharges 64 | . . . . . 6 2 1 . . . . 1 1 2 2 4 7 2 . 7 10 5 4 . 8 1 1 . . . Parts Rejected 2 | . . . . . 1 . . . . . . . . . . . . . . . . 1 . . . . . . . . Parts Fused 4 | . . . . . . . . . . . . . . . 1 . . . . . 1 . . . . 1 1 . . . Data Loss (minor) 74 | . . . . . 7 3 1 . . . . 4 5 6 8 5 5 6 . 2 6 5 2 1 2 . 6 . . . Data Loss (major) 19 | . . . . . 2 1 . . . . . . 2 1 1 . 3 1 . 2 2 2 . . 1 1 . . . . Misfires 30 | . . . . . 2 1 1 . . . . . 1 3 . . 1 2 1 3 3 3 2 . 5 2 . . . . Alerts 19 | . . . . . 1 1 . . . . . . . 2 1 2 1 . . 4 2 2 . . 1 . 2 . . . Misdirections 9 | . . . . . 2 . . . . . . . . . 6 . . . . . . . . . . . 1 . . . Weapon Failures 27 | . . . . . 8 . 1 . . . . . . 2 2 1 1 . . 1 9 2 . . . . . . . . Overload Shots 1 | . . . . . . . . . . . . . . . . . 1 . . . . . . . . . . . . . Overflow Damage 1442 | . . . . 68 18 35 . . 55 55 31 49 5 56 17 150 . . 5 2 441 . . . 44 325 . 11 . 75 Projectiles 1027 | . . . . . 18 1 . . 18 . 31 19 . 56 8 150 . . 5 2 388 . . . 21 299 . 11 . . Explosions 268 | . . . . 16 . 14 . . 37 55 . 30 5 . 9 . . . . . 53 . . . 23 26 . . . . Melee 147 | . . . . 52 . 20 . . . . . . . . . . . . . . . . . . . . . . . 75 Knockbacks 38 | . . . . 2 11 1 . . 1 . . . . . . . . . . . 14 1 . . 2 5 . . 1 . Impact 2 | . . . . 2 . . . . . . . . . . . . . . . . . . . . . . . . . . Kinetic 31 | . . . . . 9 1 . . 1 . . . . . . . . . . . 11 1 . . 2 5 . . 1 . Secondary 5 | . . . . . 2 . . . . . . . . . . . . . . . 3 . . . . . . . . . Self-Inflicted Damage 792 | . . . 8 1 . 81 . . . . . 94 . . 40 54 . 48 . . 74 . 29 . 68 193 . . 102 . Shots 34 | . . . 1 1 . 2 . . . . . 4 . . 2 2 . 1 . . 1 . 1 . 3 15 . . 1 . Rammed . | . . . . . . . . . . . . . . . . . . . . . . . . . . . . . . . Targets Rammed . | . . . . . . . . . . . . . . . . . . . . . . . . . . . . . . . Kicked . | . . . . . . . . . . . . . . . . . . . . . . . . . . . . . . . Crushed . | . . . . . . . . . . . . . . . . . . . . . . . . . . . . . . . Highest Temperature 385 | . 18 36 190 66 246 222 212 . 354 . 80 282 149 181 291 385 244 232 279 229 264 40 42 . 25 282 228 120 120 240 Average Temperature 57 | . 9 14 40 13 52 105 81 . 103 . 30 63 33 64 82 85 94 68 77 76 70 21 24 . 20 55 52 35 31 71 Received Heat Transfer 3523 | . 225 87 396 774 592 . . . 210 55 82 132 18 . 180 105 6 12 30 21 77 6 . . 43 415 . 27 30 . Effects 2 | . . . . . . . . . . . . . . . . . . . . . 2 . . . . . . . . . Interference 2 | . . . . . . . . . . . . . . . . . . . . . 2 . . . . . . . . . Siege Activations 11 | . . . . . . . . . . . . . . . 1 5 . . . 1 2 . . . . 2 . . . . Total Turns 217 | . . . . . . . . . . . . . . . 32 78 . . . 35 42 . . . . 30 . . . . Longest Duration 44 | . . . . . . . . . . . . . . . 32 44 . . . 35 28 . . . . 19 . . . . Martial Activations . | . . . . . . . . . . . . . . . . . . . . . . . . . . . . . . . Shielding Activations . | . . . . . . . . . . . . . . . . . . . . . . . . . . . . . . . Robots Disrupted 3 | . . . . . . . . . . . . 1 . . . 1 . . 1 . . . . . . . . . . . Combat Hostiles 2 | . . . . . . . . . . . . 1 . . . . . . 1 . . . . . . . . . . . Robots Corrupted 24 | . . . 1 2 1 . . . 2 . . 1 6 . . . . . . . . . . . . 11 . . . . Combat Hostiles 23 | . . . 1 1 1 . . . 2 . . 1 6 . . . . . . . . . . . . 11 . . . . Parts Fried 40 | . . . 3 1 2 . . . . . . 3 7 1 1 . . . . . . . . . . 22 . . . . Impact Corruptions 3 | . . . . 3 . . . . . . . . . . . . . . . . . . . . . . . . . . Robots Melted 6 | . . . . 1 1 . . . . . . . . . . 1 . . . . 2 . . . . . . 1 . . Combat Hostiles 4 | . . . . 1 1 . . . . . . . . . . 1 . . . . . . . . . . . 1 . . Parts Melted 32 | . . . . 5 7 . . . . . . 3 . 2 . 5 . . . . 5 . . . . 2 . 3 . . Heat Transferred 16734 | . . . 100 2072 2479 74 74 . 1005 74 148 1481 219 1406 359 918 259 87 425 600 1050 50 . . . 3595 . 222 . 37 Parts Sabotaged . | . . . . . . . . . . . . . . . . . . . . . . . . . . . . . . . Parts Stolen . | . . . . . . . . . . . . . . . . . . . . . . . . . . . . . . . Parts Stripped . | . . . . . . . . . . . . . . . . . . . . . . . . . . . . . . . Power Chain Reactions 13 | . . . 2 . . . . . . . . 3 1 . 1 2 . 1 . . . 1 . . . 2 . . . . Alert | -11 -10 -10 -9 -8 -7 -7 -7 -7 -7 -6 -6 -6 -6 -6 -6 -5 -5 -5 -5 -4 -4 -4 -4 -4 -3 -3 -3 -2 -2 -1 ------- Run | Yrd Mat Min Mat Mat Fac Low Low Zio Dee Pro Fac Ext Cet Arc Hub Fac Upp Upp War Pro Fac Upp Upp Zhi Pro Res Arm Res Tes Acc Maximum Alert Level 5 | . . . 1 2 1 . . . . . 1 2 2 1 2 2 . . . . 3 . . . . 5 3 2 1 1 Low Security (%) 47 | 100 100 100 91 33 54 . . . . . 97 66 . 41 13 11 . . . . 40 . . . . 22 . 1 71 3 Level 1 29 | . . . 8 63 45 . . . . . 2 13 71 58 9 50 . . . . 21 . . . . 16 . 92 28 96 Level 2 15 | . . . . 3 . . . . . . . 19 28 . 76 37 . . . . 30 . . . . 25 . 5 . . Level 3 4 | . . . . . . . . . . . . . . . . . . . . . 7 . . . . 14 100 . . . Level 4 2 | . . . . . . . . . . . . . . . . . . . . . . . . . . 15 . . . . Level 5 . | . . . . . . . . . . . . . . . . . . . . . . . . . . 5 . . . . High Security . | . . . . . . . . . . . . . . . . . . . . . . . . . . . . . . . Max Security . | . . . . . . . . . . . . . . . . . . . . . . . . . . . . . . . Peak Influence 1682 | 10 127 70 223 416 366 . . . . . 203 528 473 366 617 576 . . . . 862 . . . . 1682 880 416 267 369 Initial 850 | . . 12 . 86 115 . . . . . 203 1 293 165 20 270 . . . . . . . . . 33 850 381 126 155 Average 268 | . 31 16 61 229 172 . . . . . 78 152 368 221 425 365 . . . . 321 . . . . 560 822 318 191 272 Influence Increases 13381 | 10 311 259 757 975 815 150 60 . . 405 370 952 390 318 1025 925 50 30 130 170 1497 120 30 . 270 2363 171 151 363 314 Destroy 0b10 Robot/C 6780 | . 200 180 440 600 500 140 40 . . 340 100 540 220 80 520 360 40 20 80 160 600 100 20 . 180 1280 . 20 . 20 Destroy 0b10 Robot/NC 545 | 10 30 5 40 75 45 . . . . 10 10 60 10 40 20 50 . . 5 . 95 . . . . 10 . 15 10 5 Destroy Leader 1378 | . 56 30 132 138 134 10 20 . . 40 22 86 10 . 146 86 10 10 . 10 122 20 10 . 30 232 . 14 . 10 Allied During Kill 669 | . . 14 . . . . . . . . . 182 122 120 197 3 . . 30 . 1 . . . . . . . . . Successful Hack 512 | . 10 . 45 27 32 . . . . . 12 36 . . 5 94 . . . . 69 . . . . 27 6 . 53 96 Disable Machine 795 | . . 15 30 45 30 . . . . . 30 15 15 60 75 105 . . . . 150 . . . . 45 45 15 60 60 Anti-Garrison Action 700 | . . . . . . . . . . . . . . . . . . . . . 150 . . . . 550 . . . . Destroy Structure 1177 | . . . 25 30 29 . . . . . 46 33 13 18 62 122 . . . . 280 . . . . 174 60 72 165 48 Advance Influence 150 | . . . . . . . . . . . 150 . . . . . . . . . . . . . . . . . . . Partial Spotted 60 | . . . . . . . . . . . . . . . . . . . . . . . . . . 15 . . 15 30 Lose Combat Pursuer 615 | . 15 15 45 60 45 . . . . 15 . . . . . 105 . . 15 . 30 . . . 60 30 60 15 60 45 Influence Decreases 13012 | 10 280 290 552 925 748 396 136 . . 320 451 431 502 672 532 908 619 30 130 170 647 779 221 . 221 791 1065 652 330 204 Entered New Map 3150 | . . 19 . 119 140 120 15 . . . 32 3 232 248 39 282 211 . . . . 315 38 . . 16 771 346 100 104 Time Decay 8375 | 10 280 228 435 626 498 246 121 . . 310 369 308 230 404 373 586 378 30 50 150 577 434 183 . 181 538 214 286 230 100 Lost Part 660 | . . 10 40 30 110 30 . . . 10 50 20 20 . 20 30 10 . . 20 50 30 . . 40 140 . . . . Lost Ally 600 | . . 33 . . . . . . . . . 100 20 20 100 10 20 . 80 . 20 . . . . 97 80 20 . . Purge Threat 227 | . . . 77 150 . . . . . . . . . . . . . . . . . . . . . . . . . . Squads Dispatched 56 | . 3 . 4 . 8 . . . . . 2 4 1 . 8 3 . . . . 8 . . . 1 5 3 2 2 2 Investigation 8 | . 1 . 1 . 1 . . . . . . 1 1 . . . . . . . . . . . . 3 . . . . Extermination 18 | . . . . . 5 . . . . . 2 . . . 2 2 . . . . 4 . . . . . 1 . 1 1 Reinforcement 24 | . 2 . 3 . 2 . . . . . . 3 . . 6 1 . . . . . . . . . 2 2 2 . 1 Assault 5 | . . . . . . . . . . . . . . . . . . . . . 4 . . . 1 . . . . . Garrison 1 | . . . . . . . . . . . . . . . . . . . . . . . . . . . . . 1 . Intercept . | . . . . . . . . . . . . . . . . . . . . . . . . . . . . . . . Searches Triggered . | . . . . . . . . . . . . . . . . . . . . . . . . . . . . . . . Construction Impeded 6 | . . . 2 . 1 . . . . . . 2 . . 1 . . . . . . . . . . . . . . . Haulers Reinforced 4 | . . . . . . . . . . . . . . . 1 . . . . . . . . . . . . 2 . 1 Active Scanning Responses . | . . . . . . . . . . . . . . . . . . . . . . . . . . . . . . . Cargo Convoy Interrupts 1 | . . . . . . . . . . . . . . . . 1 . . . . . . . . . . . . . . Stealth | -11 -10 -10 -9 -8 -7 -7 -7 -7 -7 -6 -6 -6 -6 -6 -6 -5 -5 -5 -5 -4 -4 -4 -4 -4 -3 -3 -3 -2 -2 -1 --------- Run | Yrd Mat Min Mat Mat Fac Low Low Zio Dee Pro Fac Ext Cet Arc Hub Fac Upp Upp War Pro Fac Upp Upp Zhi Pro Res Arm Res Tes Acc Distress Signals 36 | . 3 . 3 3 3 . . . . . . 2 2 . 5 2 . . . . . . . . . 5 . 4 2 2 Communications Jammed 174 | . . . . . . . . . . . . . . 1 31 30 . . 46 . 15 . . . . 51 . . . . Distress Signals 162 | . . . . . . . . . . . . . . 1 24 25 . . 46 . 15 . . . . 51 . . . . Times Spotted 569 | . 22 8 34 48 37 8 2 . 14 18 7 27 11 18 25 40 2 2 51 9 42 5 1 . 17 86 14 5 10 6 Peak Tracking Total 11 | . 4 2 5 5 5 4 1 . 4 4 5 6 5 1 5 9 1 1 11 3 5 2 1 . 9 9 9 3 4 4 Tactical Retreats 32 | . 1 1 1 4 3 . . . . 1 . . . . . 4 . . 1 . 2 . . . 4 2 2 1 3 2 Traps | -11 -10 -10 -9 -8 -7 -7 -7 -7 -7 -6 -6 -6 -6 -6 -6 -5 -5 -5 -5 -4 -4 -4 -4 -4 -3 -3 -3 -2 -2 -1 ------- Run | Yrd Mat Min Mat Mat Fac Low Low Zio Dee Pro Fac Ext Cet Arc Hub Fac Upp Upp War Pro Fac Upp Upp Zhi Pro Res Arm Res Tes Acc Traps Triggered 11 | . 2 . . . 1 1 . . . . . 2 . . . 1 . . 3 . . . . . . . . . . 1 Indirectly . | . . . . . . . . . . . . . . . . . . . . . . . . . . . . . . . Trap Hack Attempts 7 | . . . . . 7 . . . . . . . . . . . . . . . . . . . . . . . . . Triggered . | . . . . . . . . . . . . . . . . . . . . . . . . . . . . . . . Disarmed . | . . . . . . . . . . . . . . . . . . . . . . . . . . . . . . . Reprogrammed 2 | . . . . . 2 . . . . . . . . . . . . . . . . . . . . . . . . . Reused . | . . . . . . . . . . . . . . . . . . . . . . . . . . . . . . . Traps Extracted . | . . . . . . . . . . . . . . . . . . . . . . . . . . . . . . . Installed . | . . . . . . . . . . . . . . . . . . . . . . . . . . . . . . . Triggered . | . . . . . . . . . . . . . . . . . . . . . . . . . . . . . . . Machines | -11 -10 -10 -9 -8 -7 -7 -7 -7 -7 -6 -6 -6 -6 -6 -6 -5 -5 -5 -5 -4 -4 -4 -4 -4 -3 -3 -3 -2 -2 -1 ---------- Run | Yrd Mat Min Mat Mat Fac Low Low Zio Dee Pro Fac Ext Cet Arc Hub Fac Upp Upp War Pro Fac Upp Upp Zhi Pro Res Arm Res Tes Acc Machines Disabled 68 | . . 2 3 3 2 . . 3 2 . 2 3 3 4 5 7 1 . 1 . 11 . . . . 4 3 1 4 4 Max in Single Turn 4 | . . . 1 1 1 . . 1 . . 1 1 1 1 2 4 1 . 1 . 2 . . . . 2 1 1 1 1 Garrison Access 9 | . . . . . . . . . . . . . . . . . . . . . 2 . . . . 4 . 2 1 . Network Hub 1 | . . . . . . . . . . . . . . . 1 . . . . . . . . . . . . . . . Machines Repaired . | . . . . . . . . . . . . . . . . . . . . . . . . . . . . . . . Machines Dismantled 8 | . . . . . . . . 3 . . . 1 1 . 1 . . . 1 . . . . . . . . . . 1 Machines Sabotaged . | . . . . . . . . . . . . . . . . . . . . . . . . . . . . . . . Overloaded Fab Kills . | . . . . . . . . . . . . . . . . . . . . . . . . . . . . . . . Hacking | -11 -10 -10 -9 -8 -7 -7 -7 -7 -7 -6 -6 -6 -6 -6 -6 -5 -5 -5 -5 -4 -4 -4 -4 -4 -3 -3 -3 -2 -2 -1 --------- Run | Yrd Mat Min Mat Mat Fac Low Low Zio Dee Pro Fac Ext Cet Arc Hub Fac Upp Upp War Pro Fac Upp Upp Zhi Pro Res Arm Res Tes Acc Machines Accessed 96 | . 5 . 11 7 5 . 1 1 . . 5 11 2 . 2 8 3 . . . 8 1 . 4 . 5 3 1 7 6 Terminals 64 | . 4 . 10 6 2 . 1 . . . 4 11 2 . 2 2 . . . . 5 . . . . 2 1 1 5 6 Fabricators 6 | . . . . . 1 . . . . . 1 . . . . 2 . . . . 1 . . . . . 1 . . . Repair Stations 3 | . 1 . . . . . . . . . . . . . . 1 . . . . . . . . . . 1 . . . Recycling Units 2 | . . . . . . . . . . . . . . . . 1 . . . . 1 . . . . . . . . . Scanalyzers 5 | . . . 1 1 . . . . . . . . . . . 1 . . . . 1 . . . . . . . 1 . Garrison Access 7 | . . . . . 2 . . . . . . . . . . 1 . . . . . . . . . 3 . . 1 . Total Hacks 265 | . 16 . 30 23 11 . 1 7 . . 10 26 3 . 5 24 3 . . . 38 1 . 17 . 9 5 2 23 11 Successful 137 | . 10 . 17 13 4 . 1 7 . . 4 12 . . 1 10 3 . . . 19 1 . 17 . 4 2 . 8 4 Failed 128 | . 6 . 13 10 7 . . . . . 6 14 3 . 4 14 . . . . 19 . . . . 5 3 2 15 7 Catastrophic 29 | . . . 2 2 3 . . . . . 2 1 2 . . 3 . . . . 6 . . . . 1 1 . 3 3 Database Lockouts . | . . . . . . . . . . . . . . . . . . . . . . . . . . . . . . . Manual 95 | . 4 . 15 3 2 . . 1 . . 8 3 2 . 5 11 . . . . 16 . . . . 7 3 2 11 2 Terminals 158 | . 9 . 24 18 5 . 1 . . . 5 26 3 . 5 6 . . . . 17 . . . . 4 1 2 21 11 Fabricators 18 | . . . . . 3 . . . . . 5 . . . . 6 . . . . 2 . . . . . 2 . . . Repair Stations 10 | . 7 . . . . . . . . . . . . . . 1 . . . . . . . . . . 2 . . . Recycling Units 5 | . . . . . . . . . . . . . . . . 4 . . . . 1 . . . . . . . . . Scanalyzers 35 | . . . 6 5 . . . . . . . . . . . 5 . . . . 18 . . . . . . . 1 . Garrison Access 11 | . . . . . 3 . . . . . . . . . . 2 . . . . . . . . . 5 . . 1 . Terminal Hacks 65 | . 1 . 7 8 1 . 1 7 . . 1 11 . . . 1 3 . . . 1 1 . 17 . 1 . . 2 2 Record 10 | . . . . . . . 1 . . . . 1 . . . . 1 . . . . . . 5 . . . . 1 1 Part Schematic 12 | . 1 . . . . . . 7 . . . . . . . . . . . . . . . 4 . . . . . . Robot Analysis 5 | . . . . 1 . . . . . . . . . . . . . . . . . . . 4 . . . . . . Prototype ID Bank 6 | . . . 1 1 . . . . . . . . . . . . . . . . . . . 4 . . . . . . Open Door 11 | . . . . . . . . . . . 1 7 . . . . 2 . . . . 1 . . . . . . . . Level Access Points 1 | . . . . . . . . . . . . . . . . . . . . . . . . . . . . . 1 . Branch Access Points 5 | . . . 1 1 1 . . . . . . . . . . 1 . . . . 1 . . . . . . . . . Terminal Index 1 | . . . . . . . . . . . . . . . . . . . . . . . . . . . . . . 1 Alert Level 1 | . . . 1 . . . . . . . . . . . . . . . . . . . . . . . . . . . Unreport Threat 2 | . . . 1 1 . . . . . . . . . . . . . . . . . . . . . . . . . . Maintenance Status 1 | . . . . . . . . . . . . 1 . . . . . . . . . . . . . . . . . . Hauler Manifests 1 | . . . . 1 . . . . . . . . . . . . . . . . . . . . . . . . . . Registered Components 3 | . . . 1 1 . . . . . . . . . . . . . . . . . . . . . 1 . . . . Zone Layout 6 | . . . 2 2 . . . . . . . 2 . . . . . . . . . . . . . . . . . . Fabricator Hacks 4 | . . . . . 2 . . . . . 1 . . . . . . . . . 1 . . . . . . . . . Network Status 2 | . . . . . . . . . . . 1 . . . . . . . . . 1 . . . . . . . . . Load Schematic 1 | . . . . . 1 . . . . . . . . . . . . . . . . . . . . . . . . . Build 1 | . . . . . 1 . . . . . . . . . . . . . . . . . . . . . . . . . Repair Station Hacks 8 | . 6 . . . . . . . . . . . . . . . . . . . . . . . . . 2 . . . Scan Component 4 | . 3 . . . . . . . . . . . . . . . . . . . . . . . . . 1 . . . Repair 4 | . 3 . . . . . . . . . . . . . . . . . . . . . . . . . 1 . . . Recycling Unit Hacks 1 | . . . . . . . . . . . . . . . . . . . . . 1 . . . . . . . . . Retrieve Components 1 | . . . . . . . . . . . . . . . . . . . . . 1 . . . . . . . . . Scanalyzer 27 | . . . 6 5 . . . . . . . . . . . 4 . . . . 12 . . . . . . . . . Insert Component 14 | . . . 3 2 . . . . . . . . . . . 2 . . . . 7 . . . . . . . . . Analyze 13 | . . . 3 3 . . . . . . . . . . . 2 . . . . 5 . . . . . . . . . Garrison Access Hacks 2 | . . . . . . . . . . . . . . . . . . . . . . . . . . 1 . . 1 . Seal Access 2 | . . . . . . . . . . . . . . . . . . . . . . . . . . 1 . . 1 . Unauthorized Hacks 30 | . 3 . 4 . 1 . . . . . 2 1 . . 1 5 . . . . 4 . . . . 2 . . 5 2 Terminals 21 | . 3 . 4 . 1 . . . . . . 1 . . 1 2 . . . . 3 . . . . . . . 4 2 Assimilate 2 | . . . . . . . . . . . . . . . . 1 . . . . . . . . . . . . 1 . Botnet 16 | . 3 . 3 . 1 . . . . . . 1 . . 1 1 . . . . 3 . . . . . . . 2 1 Operators 3 | . . . 1 . . . . . . . . . . . . . . . . . . . . . . . . . 1 1 Fabricators 4 | . . . . . . . . . . . 2 . . . . 1 . . . . 1 . . . . . . . . . Liberate 2 | . . . . . . . . . . . 1 . . . . 1 . . . . . . . . . . . . . . Fabnet 2 | . . . . . . . . . . . 1 . . . . . . . . . 1 . . . . . . . . . Repair Stations 1 | . . . . . . . . . . . . . . . . 1 . . . . . . . . . . . . . . Mechanics 1 | . . . . . . . . . . . . . . . . 1 . . . . . . . . . . . . . . Recycling Units 1 | . . . . . . . . . . . . . . . . 1 . . . . . . . . . . . . . . Recyclers 1 | . . . . . . . . . . . . . . . . 1 . . . . . . . . . . . . . . Scanalyzers 1 | . . . . . . . . . . . . . . . . . . . . . . . . . . . . . 1 . Researchers 1 | . . . . . . . . . . . . . . . . . . . . . . . . . . . . . 1 . Garrison Access 2 | . . . . . . . . . . . . . . . . . . . . . . . . . . 2 . . . . Jam 2 | . . . . . . . . . . . . . . . . . . . . . . . . . . 2 . . . . Data Cores Recovered . | . . . . . . . . . . . . . . . . . . . . . . . . . . . . . . . Used . | . . . . . . . . . . . . . . . . . . . . . . . . . . . . . . . Hacking Detections 70 | . 3 . 11 6 5 . 1 . . . 4 8 3 . 2 6 . . . . 5 . . . . 2 2 1 5 6 Full Trace Events 6 | . . . 2 1 1 . . . . . . 1 1 . . . . . . . . . . . . . . . . . Feedback Events . | . . . . . . . . . . . . . . . . . . . . . . . . . . . . . . . Feedback Blocked . | . . . . . . . . . . . . . . . . . . . . . . . . . . . . . . . Robot Schematics Acquired 1 | . . . . . . . . . . . . . . . . . . . . . . . . . . . . . 1 . Robots Built . | . . . . . . . . . . . . . . . . . . . . . . . . . . . . . . . Authchips . | . . . . . . . . . . . . . . . . . . . . . . . . . . . . . . . Time . | . . . . . . . . . . . . . . . . . . . . . . . . . . . . . . . Total Robot Build Rating . | . . . . . . . . . . . . . . . . . . . . . . . . . . . . . . . Part Schematics Acquired 26 | . 1 . 3 2 . . . 7 . . . . . . . 2 . . . . 5 . . 4 . . . . 2 . Parts Built 1 | . . . . . 1 . . . . . . . . . . . . . . . . . . . . . . . . . Authchips . | . . . . . . . . . . . . . . . . . . . . . . . . . . . . . . . Time 25 | . . . . . 25 . . . . . . . . . . . . . . . . . . . . . . . . . Total Part Build Rating 1 | . . . . . 1 . . . . . . . . . . . . . . . . . . . . . . . . . Parts Repaired 4 | . 3 . . . . . . . . . . . . . . . . . . . . . . . . . 1 . . . Time 167 | . 78 . . . . . . . . . . . . . . . . . . . . . . . . . 89 . . . Parts Recycled . | . . . . . . . . . . . . . . . . . . . . . . . . . . . . . . . Recycled Matter . | . . . . . . . . . . . . . . . . . . . . . . . . . . . . . . . Retrieved Matter . | . . . . . . . . . . . . . . . . . . . . . . . . . . . . . . . Retrieved Components 7 | . . . . . . . . . . . . . . . . . . . . . 7 . . . . . . . . . Parts Scanalyzed 12 | . . . 3 2 . . . . . . . . . . . 2 . . . . 5 . . . . . . . . . Part Schematics Acquired 12 | . . . 3 2 . . . . . . . . . . . 2 . . . . 5 . . . . . . . . . Parts Damaged 2 | . . . . . . . . . . . . . . . . 1 . . . . 1 . . . . . . . . . Bothacking | -11 -10 -10 -9 -8 -7 -7 -7 -7 -7 -6 -6 -6 -6 -6 -6 -5 -5 -5 -5 -4 -4 -4 -4 -4 -3 -3 -3 -2 -2 -1 ------------ Run | Yrd Mat Min Mat Mat Fac Low Low Zio Dee Pro Fac Ext Cet Arc Hub Fac Upp Upp War Pro Fac Upp Upp Zhi Pro Res Arm Res Tes Acc Used RIF Installer . | . . . . . . . . . . . . . . . . . . . . . . . . . . . . . . . Robots Hacked 15 | . . . . . . . . . . . . . . . . 1 1 . 2 1 . . . . . 8 1 1 . . Non-combat . | . . . . . . . . . . . . . . . . . . . . . . . . . . . . . . . Combat 15 | . . . . . . . . . . . . . . . . 1 1 . 2 1 . . . . . 8 1 1 . . Robot Hacks Applied . | . . . . . . . . . . . . . . . . . . . . . . . . . . . . . . . Relay Couplers Released 7 | . . . . . . . . . . . . . . . . . . . . . 2 . . . . 1 . 4 . . Machine Destruction 7 | . . . . . . . . . . . . . . . . . . . . . 2 . . . . 1 . 4 . . Fabnet Peak Effective % 3 | . . . . . . . . . . . . . . . . 3 3 3 3 1 1 1 1 1 3 3 3 1 1 . Autooverrided 15 | . . . . . . . . . . . . . . . . 1 1 . 2 1 . . . . . 8 1 1 . . Robots Rewired 10 | . . . . . . . . . . . . . . . . . . . 5 2 . . . . . . 3 . . . Allies Hacked . | . . . . . . . . . . . . . . . . . . . . . . . . . . . . . . . Hacks Repelled . | . . . . . . . . . . . . . . . . . . . . . . . . . . . . . . . Allies | -11 -10 -10 -9 -8 -7 -7 -7 -7 -7 -6 -6 -6 -6 -6 -6 -5 -5 -5 -5 -4 -4 -4 -4 -4 -3 -3 -3 -2 -2 -1 -------- Run | Yrd Mat Min Mat Mat Fac Low Low Zio Dee Pro Fac Ext Cet Arc Hub Fac Upp Upp War Pro Fac Upp Upp Zhi Pro Res Arm Res Tes Acc Total Allies 55 | . . 5 . . . . . 6 . . . 12 5 . . 2 1 . 7 3 . . . . . 8 4 1 1 . Largest Group 8 | . . 4 . . . . . 6 6 . . 8 7 7 5 1 . . 5 2 2 . . . . 2 3 . 1 . Highest-Rated Group 659 | . . 54 . . . . . 291 291 . . 268 659 652 473 29 . . 226 97 97 . . . . 112 141 . 10 . Highest-Rated Ally 159 | . . 31 . . . . . 96 96 . . 159 159 159 96 29 . . 49 49 49 . . . . 58 47 . 10 . Total Orders 21 | . . . . . . . . . . . . . . 2 . . . . 1 1 1 . . . . 15 . . 1 . STAY 4 | . . . . . . . . . . . . . . 1 . . . . 1 1 . . . . . . . . 1 . FOLLOW 2 | . . . . . . . . . . . . . . 1 . . . . . . . . . . . 1 . . . . EXPLORE 8 | . . . . . . . . . . . . . . . . . . . . . . . . . . 8 . . . . RETURN 7 | . . . . . . . . . . . . . . . . . . . . . 1 . . . . 6 . . . . Ally Attacks 420 | . . 20 . . . . . . 102 . . 113 31 31 58 5 1 . 26 . 6 . . . . 18 8 1 . . Total Damage 10619 | . . 197 . . . . . . 1848 . . 2286 828 1269 2107 92 . . 896 . 206 . . . . 743 147 . . . Kills 65 | . . 4 . . . . . . 15 . . 20 4 2 12 1 . . 3 . 1 . . . . 3 . . . . Allies Corrupted 3 | . . . . . . . . . . . . . . . . . . . . . . . . . . 1 2 . . . Allies Melted 1 | . . . . . . . . . . . . . . . . . . . . . . . . . . . . 1 . . Intel | -11 -10 -10 -9 -8 -7 -7 -7 -7 -7 -6 -6 -6 -6 -6 -6 -5 -5 -5 -5 -4 -4 -4 -4 -4 -3 -3 -3 -2 -2 -1 ------- Run | Yrd Mat Min Mat Mat Fac Low Low Zio Dee Pro Fac Ext Cet Arc Hub Fac Upp Upp War Pro Fac Upp Upp Zhi Pro Res Arm Res Tes Acc Active Infowar (turns) 34195 | 78 1027 947 1824 2133 1750 538 368 2086 643 1330 959 1742 488 965 861 1835 1063 858 1197 1256 1966 1059 605 246 1761 2832 450 629 481 218 Optics 1146 | . . . . . . . . . . . . . . . . . . . . . . . . . . . . 447 481 218 Sensors 21512 | . . . . . . 522 368 2084 643 1330 895 1198 . . 412 1301 984 800 937 1155 1370 1014 539 245 1644 2293 450 629 481 218 Terrain 7820 | . . . . . . . . . . . . . . . 158 1279 691 154 939 1142 102 . . . 223 1737 389 600 218 188 Structural 1557 | . . . . . 1541 16 . . . . . . . . . . . . . . . . . . . . . . . . Seismic 6844 | 78 1027 947 1824 2133 835 . . . . . . . . . . . . . . . . . . . . . . . . . Jamming 20784 | . . . . . 313 538 368 2086 . . 595 1742 488 965 818 1655 1063 858 1197 473 1729 1056 605 246 1751 2238 . . . . Robot Analysis Total 5 | . . . . 1 . . . . . . . . . . . . . . . . . . . 4 . . . . . . Derelict Logs Recovered 10 | . . 1 . . . 1 . 1 . 2 . . . . . . 2 1 . 1 . 1 . . . . . . . . Drone Launches 10 | . . . . . . . . . . . . . . . . . . . . . 1 . . . . 9 . . . . Drone Recoveries 8 | . . . . . . . . . . . . . . . . . . . . . 1 . . . . 7 . . . . Exploration | -11 -10 -10 -9 -8 -7 -7 -7 -7 -7 -6 -6 -6 -6 -6 -6 -5 -5 -5 -5 -4 -4 -4 -4 -4 -3 -3 -3 -2 -2 -1 ------------- Run | Yrd Mat Min Mat Mat Fac Low Low Zio Dee Pro Fac Ext Cet Arc Hub Fac Upp Upp War Pro Fac Upp Upp Zhi Pro Res Arm Res Tes Acc Turns Passed 41577 | 160 1027 947 1824 2153 2035 538 368 2087 6912 1533 974 1742 488 965 894 1835 1063 858 1346 1267 2068 1065 605 246 1766 3033 450 629 481 218 Spaces Moved 20861 | 91 487 586 642 1024 820 342 276 1508 3315 736 431 712 183 203 339 862 544 368 518 455 697 578 342 144 934 1307 663 600 764 390 Core 21 | 16 . . . . . . . . 5 . . . . . . . . . . . . . . . . . . . . . Treads 5068 | 72 20 . 267 925 219 . . . . . . . 42 203 339 862 544 368 518 455 234 . . . . . . . . . Legs 4661 | . . . . . . . . . 1441 736 431 712 141 . . . . . . . . . . . 2 1198 . . . . Wheels 8585 | 3 467 586 375 99 601 342 276 1508 1869 . . . . . . . . . . . 463 578 342 144 932 . . . . . Hover 2526 | . . . . . . . . . . . . . . . . . . . . . . . . . . 109 663 600 764 390 Flight . | . . . . . . . . . . . . . . . . . . . . . . . . . . . . . . . Fastest Speed 18 | 50 130 130 140 120 150 150 123 123 115 196 196 197 160 160 160 160 166 166 166 246 165 160 160 160 175 18 18 26 20 18 Average Speed 159 | 138 132 138 196 159 186 150 127 128 184 196 196 197 194 160 160 165 186 226 191 246 203 169 165 160 175 168 27 84 38 21 Slowest Speed 2100 | 160 320 140 320 240 242 150 150 138 2100 196 197 197 263 160 160 246 246 246 246 246 330 175 175 175 260 260 89 114 94 22 Overloaded Moves 68 | . . . . . . . . . . . . . . . . . . . . . . . . . . 19 37 . . 12 Propulsion Burnouts . | . . . . . . . . . . . . . . . . . . . . . . . . . . . . . . . Robots Hopped . | . . . . . . . . . . . . . . . . . . . . . . . . . . . . . . . Potential Cave-ins . | . . . . . . . . . . . . . . . . . . . . . . . . . . . . . . . Cave-ins Triggered . | . . . . . . . . . . . . . . . . . . . . . . . . . . . . . . . Teleports 1 | . . . . . . . . . . . . . . . . . . . . . . . . . 1 . . . . . Exploration Rate (%) 55 | 5 81 97 66 70 25 57 53 83 78 85 12 79 78 83 28 30 59 49 65 62 18 79 58 60 80 52 27 20 82 13 Regions Visited 30 Branch Regions 20 Pre-discovered Areas 5 | . . . . . . . . 2 . . . . . . . . . . . . . . . 3 . . . . . . Known Exits Taken 18 | . . . . . 1 1 . . 1 1 1 1 . . . 1 . 1 1 . 1 1 1 1 1 1 1 1 1 . Unknown Exits Taken 12 | 1 1 1 1 1 . . 1 1 . . . . 1 1 1 . 1 . . 1 . . . . . . . . . . Scrap Searched 28 | . . 1 . . . 1 6 3 . 3 . . . . . . 2 3 . 3 . 1 1 . 4 . . . . . Spaces Dug 392 | . . . 23 16 16 45 . . 5 . 21 2 . . 16 28 . . . 1 58 3 . . 5 44 30 26 39 14 Terrain Destroyed 982 | . . . 26 22 24 58 1 . 23 90 58 15 16 15 53 63 2 8 1 16 183 32 3 . 31 109 30 27 60 16 Melee 58 | . . . 2 5 15 . . . 2 . . . . . . . . . . . . . . . . . 18 . 14 2 Projectile 562 | . . . 8 . 9 3 1 . 11 1 25 14 . 15 48 53 2 2 1 16 125 21 3 . 31 95 12 27 26 13 AOE 361 | . . . 16 17 . 55 . . 10 89 33 1 16 . 5 10 . 6 . . 58 11 . . . 14 . . 20 . Terrain Rammed . | . . . . . . . . . . . . . . . . . . . . . . . . . . . . . . . Walls Destroyed . | . . . . . . . . . . . . . . . . . . . . . . . . . . . . . . . Machines Disabled . | . . . . . . . . . . . . . . . . . . . . . . . . . . . . . . . Actions | -11 -10 -10 -9 -8 -7 -7 -7 -7 -7 -6 -6 -6 -6 -6 -6 -5 -5 -5 -5 -4 -4 -4 -4 -4 -3 -3 -3 -2 -2 -1 --------- Run | Yrd Mat Min Mat Mat Fac Low Low Zio Dee Pro Fac Ext Cet Arc Hub Fac Upp Upp War Pro Fac Upp Upp Zhi Pro Res Arm Res Tes Acc Total 26734 | 112 774 678 1029 1343 1111 354 286 1604 4065 792 512 935 275 777 561 1094 571 388 839 560 1111 626 377 158 1022 1865 875 687 889 464 Wait 2727 | . 194 56 229 88 58 . 5 22 375 19 15 120 27 499 106 67 4 14 214 50 159 17 13 . 19 204 85 9 33 26 Move 20829 | 90 486 585 641 1023 819 341 275 1507 3314 735 430 711 182 202 338 861 543 367 517 454 696 577 341 143 933 1306 662 599 762 389 Hop . | . . . . . . . . . . . . . . . . . . . . . . . . . . . . . . . Pick Up 377 | 8 18 5 10 19 35 . 2 14 119 1 7 6 7 . 1 12 4 1 11 6 26 . 1 2 3 31 4 18 4 2 Fast Attach 181 | 7 3 . 6 10 8 . 1 5 29 . 4 4 4 7 7 11 . . 7 . 10 4 2 6 4 17 10 4 11 . Attach 131 | . 1 2 1 3 18 1 1 1 13 1 6 2 3 . 4 5 1 1 . 2 15 4 5 . 4 17 3 6 7 4 Detach 53 | . 1 . 1 . 2 . . . 1 . 1 . . . . . . . . . 10 2 5 . 4 10 1 4 8 3 Swap 454 | . 3 1 30 32 27 4 . 9 30 23 7 21 14 1 32 42 7 3 15 10 36 3 4 2 15 73 2 3 3 2 Drop 496 | 1 7 3 19 47 26 . . 19 137 . 5 9 15 7 15 13 2 . 22 6 28 2 4 5 11 56 12 10 14 1 Fire 1202 | 6 61 26 88 113 91 7 2 . 44 13 37 43 15 61 55 83 9 2 9 18 131 17 2 . 29 151 13 34 26 16 Melee 82 | . . . 4 8 20 1 . . 3 . . . . . . . . . . . . . . . . . 21 . 20 5 Ram . | . . . . . . . . . . . . . . . . . . . . . . . . . . . . . . . Kick . | . . . . . . . . . . . . . . . . . . . . . . . . . . . . . . . Crush . | . . . . . . . . . . . . . . . . . . . . . . . . . . . . . . . Escape Stasis 11 | . . . . . . . . . . . . 10 . . . . . . . . . . . . . . . . 1 . Rewire 113 | . . . . . . . . . . . . . . . . . 1 . 36 14 . . . . . . 62 . . . Trap 7 | . . . . . 7 . . . . . . . . . . . . . . . . . . . . . . . . . Miscellaneous 71 | . . . . . . . . 27 . . . 9 8 . 3 . . . 8 . . . . . . . . . . 16 Route ------- -11/Scrapyard -10/Materials (discovered 3 exits: *Mat x2 / [*Min]) -10/Mines (discovered 2 exits: *Mat x2) -9/Materials (discovered 3 exits: *Mat x2 / *Min) -8/Materials (discovered 4 exits: *Fac x2 / *Sto x2) -7/Factory (discovered 4 exits: *Fac x2 / *Low x2) -7/Lower Caves -7/Lower Caves (discovered 2 exits: *Fac / *Zio) -7/Zion (discovered 2 exits: [*Dee] / [*Pro]) -7/Deep Caves -6/Proximity Caves -6/Factory (discovered 2 exits: *Ext x2) -6/Extension (discovered 2 exits: *Fac / *Cet) -6/Cetus (discovered 2 exits: *Fac / *Arc) -6/Archives (discovered 3 exits: *Fac / *Hub x2) -6/Hub_04(d) (discovered 2 exits: *Fac x2) -5/Factory (discovered 3 exits: *Fac / *Upp x2) -5/Upper Caves (discovered 2 exits: [*Upp] / *War) -5/Upper Caves -5/Warlord -4/Proximity Caves -4/Factory (discovered 3 exits: Res / *Upp x2) -4/Upper Caves -4/Upper Caves -4/Zhirov -3/Proximity Caves -3/Research -3/Armory -2/Research -2/Testing -1/Access To Epsilon Eridani History --------- Turn | Location | Event 12 | -11/Scrapyard | Discovered new exit (range 15) 161 | -11/Scrapyard | Entered Materials 308 | -10/Materials | Build established: Mutant 504 | -10/Materials | Discovered new exit (range 3) 666 | -10/Materials | Discovered new exit (range 12) 766 | -10/Materials | Repaired Ion Engine 793 | -10/Materials | Repaired Lgt. Assault Rifle 821 | -10/Materials | Repaired Lgt. Assault Rifle 1168 | -10/Materials | Discovered new exit (range 9) 1188 | -10/Materials | Entered Mines 1326 | -10/Mines | Learned Materials terminal intel 1419 | -10/Mines | Assisted by bots powering up and referring to "LRC-V3" 1506 | -10/Mines | Discovered new exit (range 5) 1638 | -10/Mines | Found a hidden stash of uninstalled traps 1712 | -10/Mines | Discovered new exit (range 10) 1957 | -10/Mines | Core integrity fell below 50% 2135 | -10/Mines | Entered Materials 2135 | -9/Materials | Evolved 2 slots: Propulsion x1, Utility x1 2136 | -9/Materials | Loaded intel: 12 terminal locations 2491 | -9/Materials | Discovered new exit (range 18) 2548 | -9/Materials | Build established: Scavenger-Mutant 3317 | -9/Materials | Discovered new exit (range 16) 3705 | -9/Materials | Identified exit to Mines 3925 | -9/Materials | Discovered new exit (range 14) 3959 | -9/Materials | Entered another Materials area 3959 | -8/Materials | Evolved 2 slots: Propulsion x1, Utility x1 4151 | -8/Materials | Discovered new exit (range 3) 5167 | -8/Materials | Discovered new exit (range 16) 5451 | -8/Materials | Identified exit to Storage 5651 | -8/Materials | Discovered new exit (range 16) 6112 | -8/Materials | Entered Factory 6112 | -7/Factory | Evolved 2 slots: Utility x1, Weapon x1 6283 | -7/Factory | Fabricated Huge Storage Unit (x1) 6826 | -7/Factory | Lost 3 parts (1n1u1w) 7091 | -7/Factory | System corruption reached 10% 7132 | -7/Factory | Lost 3 parts (3u) 7302 | -7/Factory | Discovered new exit (range 10) 7592 | -7/Factory | Discovered new exit (range 10) 7651 | -7/Factory | Identified exit to Lower Caves 7665 | -7/Factory | Discovered new exit (range 5) 8124 | -7/Factory | Build established: Infiltrator-Mutant 8147 | -7/Factory | Entered Lower Caves 8284 | -7/Lower Caves | Identified exit to Lower Caves 8445 | -7/Lower Caves | Build established: Mutant 8628 | -7/Lower Caves | Encountered a Warlord checkpoint 8685 | -7/Lower Caves | Entered another Lower Caves area 8806 | -7/Lower Caves | Discovered new exit (range 14) 8997 | -7/Lower Caves | Build established: Tank 9038 | -7/Lower Caves | Discovered new exit (range 10) 9053 | -7/Lower Caves | Entered Zion 9118 | -7/Zion | Discovered new exit (range 13) 9198 | -7/Zion | System corruption cleaned by Quarantine Array 9438 | -7/Zion | Learned location of Warlord (-5) 9500 | -7/Zion | Given A8's code to call for help 9510 | -7/Zion | Gained Derelict followers 9754 | -7/Zion | Learned Factory emergency access door positions 9867 | -7/Zion | Found Prototype Launcher 9868 | -7/Zion | Identified Rocket Array 10336 | -7/Zion | Found Prototype Processor 10639 | -7/Zion | Build established: Mutant 10687 | -7/Zion | Enhanced Grunt warped into view, answering call for help 10690 | -7/Zion | Enhanced Grunt warped into view, answering call for help 10789 | -7/Zion | Discovered new exit (range 3) 10789 | -7/Zion | Saw the warning signs outside the Deep Caves entrance 10946 | -7/Zion | Found Prototype Processor 10953 | -7/Zion | Found Prototype Processor 11002 | -7/Zion | Build established: Tank 11140 | -7/Zion | Entered Deep Caves 11140 | -7/Deep Caves | Accompanied by 6 allies 11276 | -7/Deep Caves | Z-Facility disabled 11292 | -7/Deep Caves | Attacked by Z-Imprinter 11306 | -7/Deep Caves | Allies destroyed Z-Imprinter 11365 | -7/Deep Caves | Found Prototype Device 11365 | -7/Deep Caves | Identified Zio. Metafield Generator 11526 | -7/Deep Caves | Core integrity fell below 50% 11693 | -7/Deep Caves | Found Prototype Protection 11693 | -7/Deep Caves | Identified Zio. Weapon Casing 11818 | -7/Deep Caves | Build established: Scavenger-Mutant 12311 | -7/Deep Caves | Discovered new exit (range 6) 12963 | -7/Deep Caves | Found Zio. Weapon Casing 12970 | -7/Deep Caves | Found Zio. Weapon Casing 13689 | -7/Deep Caves | Found Prototype Protection 13693 | -7/Deep Caves | Found Prototype Protection 13696 | -7/Deep Caves | Found Zio. Weapon Casing 14969 | -7/Deep Caves | Build established: Scavenger-Tank 15539 | -7/Deep Caves | Identified Zio. Heavy Carapace 15609 | -7/Deep Caves | Spotted AG-97339 15634 | -7/Deep Caves | Destroyed AG-97339 16170 | -7/Deep Caves | Spotted AG-06385 16204 | -7/Deep Caves | Destroyed AG-06385 16211 | -7/Deep Caves | Found GOLEM Unit 16820 | -7/Deep Caves | Build established: Scavenger-Gunner 17904 | -7/Deep Caves | Identified Exp. Melee Analysis Suite 17906 | -7/Deep Caves | Identified Exp. Signal Interpreter 18050 | -7/Deep Caves | Identified exit to Proximity Caves 18052 | -7/Deep Caves | Entered Proximity Caves 18400 | -6/Proximity Caves | Attracted the attention of an 0b10 checkpoint 18439 | -6/Proximity Caves | Spotter reported a threat 18769 | -6/Proximity Caves | Build established: Scavenger-Skirmisher 19192 | -6/Proximity Caves | Learned Factory security intel 19355 | -6/Proximity Caves | Discovered new exit (range 15) 19583 | -6/Proximity Caves | Identified exit to Factory 19585 | -6/Proximity Caves | Entered Factory 19585 | -6/Factory | Evolved 2 slots: Power x1, Utility x1 19586 | -6/Factory | Identified exit to Extension 20057 | -6/Factory | Lost 5 parts (1u4w) 20239 | -6/Factory | Build established: Scavenger-Mutant 20553 | -6/Factory | Discovered exit to Extension (range 5) 20559 | -6/Factory | Entered Extension 21033 | -6/Extension | Rescued a captive Derelict 21034 | -6/Extension | Rescued a captive Derelict 21081 | -6/Extension | Rescued a captive Derelict 21150 | -6/Extension | Rescued a captive Derelict 21151 | -6/Extension | Rescued a captive Derelict 21236 | -6/Extension | Build established: Scavenger-Skirmisher 21274 | -6/Extension | Rescued a captive Derelict 21363 | -6/Extension | Rescued a captive Derelict 21364 | -6/Extension | Rescued a captive Derelict 21683 | -6/Extension | Spotted B-75 Beast 21696 | -6/Extension | Destroyed B-75 Beast 21702 | -6/Extension | Spotted B-75 Beast 21710 | -6/Extension | Allies destroyed B-75 Beast 21785 | -6/Extension | Lost 8 allies 21813 | -6/Extension | Rescued A7 21817 | -6/Extension | Build established: Scavenger-Gunner 21871 | -6/Extension | Rescued a captive Derelict 21873 | -6/Extension | Rescued a captive Derelict 21909 | -6/Extension | Disrupted transfer network 22223 | -6/Extension | Rescued a captive Derelict 22274 | -6/Extension | Discovered new exit (range 10) 22277 | -6/Extension | Discovered new exit (range 6) 22299 | -6/Extension | Identified exit to Cetus 22301 | -6/Extension | Entered Cetus 22301 | -6/Cetus | Accompanied by 3 allies (A7) 22306 | -6/Cetus | Acquired a Cetus Manufacturing Module code from A7 22332 | -6/Cetus | Spotted Cetus Guard 22332 | -6/Cetus | Spotted Cetus Guard 22337 | -6/Cetus | Allies destroyed Cetus Guard 22337 | -6/Cetus | Spotted Cetus Guard 22337 | -6/Cetus | Spotted Cetus Guard 22342 | -6/Cetus | Destroyed Cetus Guard 22344 | -6/Cetus | Destroyed Cetus Guard 22346 | -6/Cetus | Destroyed Cetus Guard 22513 | -6/Cetus | Started Cetus Manufacturing Module 22538 | -6/Cetus | Manufactured an Enhanced Grunt 22557 | -6/Cetus | Escorted A7 to Cetus Mainframe 22563 | -6/Cetus | Manufactured an Enhanced Grunt 22582 | -6/Cetus | Discovered new exit (range 16) 22584 | -6/Cetus | Build established: Scavenger-Tank 22588 | -6/Cetus | Manufactured an Enhanced Grunt 22613 | -6/Cetus | Manufactured an Enhanced Grunt 22637 | -6/Cetus | Spotted Cetus Guard 22637 | -6/Cetus | Spotted Cetus Guard 22638 | -6/Cetus | Manufactured an Enhanced Grunt 22641 | -6/Cetus | Spotted Cetus Guard 22643 | -6/Cetus | Spotted Cetus Guard 22647 | -6/Cetus | Destroyed Cetus Guard 22649 | -6/Cetus | Destroyed Cetus Guard 22656 | -6/Cetus | Allies destroyed Cetus Guard 22658 | -6/Cetus | Allies destroyed Cetus Guard 22670 | -6/Cetus | Discovered new exit (range 15) 22686 | -6/Cetus | Met Revision 17 22711 | -6/Cetus | System corruption reached 10% 22789 | -6/Cetus | Entered Archives 22789 | -6/Archives | Accompanied by 7 allies (A7) 22794 | -6/Archives | Received a hacking code to weaken MAIN.C 22868 | -6/Archives | Discovered new exit (range 15) 23003 | -6/Archives | Discovered new exit (range 16) 23097 | -6/Archives | Discovered new exit (range 13) 23142 | -6/Archives | Unable to access archive contents 23153 | -6/Archives | Build established: Scavenger-Mutant 23166 | -6/Archives | Unable to access archive contents 23754 | -6/Archives | Entered Hub_04(d) 23754 | -6/Hub_04(d) | Accompanied by 5 allies 23904 | -6/Hub_04(d) | Discovered new exit (range 6) 24124 | -6/Hub_04(d) | Discovered new exit (range 16) 24357 | -6/Hub_04(d) | Build established: Scavenger-Tank 24532 | -6/Hub_04(d) | Network Hub disabled 24607 | -6/Hub_04(d) | Spotted Lightning 24614 | -6/Hub_04(d) | Spotted Lightning 24616 | -6/Hub_04(d) | Spotted Lightning 24641 | -6/Hub_04(d) | System corruption reached 30% 24648 | -6/Hub_04(d) | Entered Factory 24648 | -5/Factory | Evolved 2 slots: Utility x2 24938 | -5/Factory | Build established: Scavenger-Skirmisher 24969 | -5/Factory | Identified Spectral Analyzer 25392 | -5/Factory | Identified exit to Upper Caves 25634 | -5/Factory | Discovered new exit (range 14) 25769 | -5/Factory | Cargo convoy interrupted 25793 | -5/Factory | Local machine network offline 25852 | -5/Factory | Destroyed 8 combat bots 26483 | -5/Factory | Entered Upper Caves 26505 | -5/Upper Caves | A Derelict revealed a hidden shortcut to "reach the base" 26512 | -5/Upper Caves | Identified exit to Warlord 26656 | -5/Upper Caves | Build established: Scavenger-Tank 26941 | -5/Upper Caves | Found Alien Artifact 27082 | -5/Upper Caves | System corruption reached 10% 27168 | -5/Upper Caves | Discovered new exit (range 7) 27234 | -5/Upper Caves | Encountered a Warlord checkpoint 27452 | -5/Upper Caves | Build established: Scavenger-Skirmisher 27461 | -5/Upper Caves | Learned Factory terminal intel 27546 | -5/Upper Caves | Entered another Upper Caves area 27742 | -5/Upper Caves | Learned 8 Factory zone layouts 27986 | -5/Upper Caves | Build established: Scavenger-Tank 28379 | -5/Upper Caves | Discovered exit to Warlord (range 10) 28404 | -5/Upper Caves | Entered Warlord 28465 | -5/Warlord | System corruption cleaned by Quarantine Array 28796 | -5/Warlord | Found Prototype Device 28796 | -5/Warlord | Identified System Purifier 28821 | -5/Warlord | Found Prototype Reactor 28848 | -5/Warlord | Found Prototype Hackware 28865 | -5/Warlord | Build established: Scavenger-Skirmisher 29206 | -5/Warlord | Met Warlord 29221 | -5/Warlord | Warlord's base attacked by MAIN.C 29499 | -5/Warlord | Lost 3 allies 29540 | -5/Warlord | Spotted Striker 29546 | -5/Warlord | Spotted Striker 29571 | -5/Warlord | Warlord forces counterattacked 29632 | -5/Warlord | Lost 14 allies 29641 | -5/Warlord | Spotted Striker 29651 | -5/Warlord | Build established: Scavenger-Tank 29721 | -5/Warlord | Spotted Executioner 29725 | -5/Warlord | Discovered new exit (range 12) 29747 | -5/Warlord | Identified exit to Proximity Caves 29750 | -5/Warlord | Entered Proximity Caves 29778 | -4/Proximity Caves | Lost 12 allies 30082 | -4/Proximity Caves | Build established: Scavenger-Skirmisher 30188 | -4/Proximity Caves | Lost 4 parts (1p3u) 30362 | -4/Proximity Caves | Learned Research interactive machine intel 30427 | -4/Proximity Caves | Build established: Scavenger-Tank 30990 | -4/Proximity Caves | Discovered new exit (range 8) 31017 | -4/Proximity Caves | Entered Factory 31017 | -4/Factory | Accompanied by 2 allies 31017 | -4/Factory | Evolved 2 slots: Utility x2 31018 | -4/Factory | Identified exit to Research 31019 | -4/Factory | Loaded intel: 26 terminal locations 31942 | -4/Factory | Identified Ghost Barrier 31943 | -4/Factory | Identified exit to Upper Caves 32042 | -4/Factory | System corruption reached 10% 32103 | -4/Factory | Found Prototype Launcher 32196 | -4/Factory | Build established: Scavenger-Skirmisher 32793 | -4/Factory | Identified Tesla Bomb Launcher 32836 | -4/Factory | Build established: Scavenger-Tank 33085 | -4/Factory | Entered Upper Caves 33480 | -4/Upper Caves | Learned Research garrison access intel 33680 | -4/Upper Caves | Attracted the attention of an 0b10 checkpoint 33837 | -4/Upper Caves | Lost 3 parts (1n2u) 34059 | -4/Upper Caves | Discovered new exit (range 14) 34099 | -4/Upper Caves | Identified exit to Upper Caves 34102 | -4/Upper Caves | Build established: Hacker-Skirmisher 34150 | -4/Upper Caves | Entered another Upper Caves area 34558 | -4/Upper Caves | Discovered new exit (range 11) 34574 | -4/Upper Caves | Identified exit to Zhirov 34755 | -4/Upper Caves | Entered Zhirov 34755 | -4/Zhirov | Discovered new exit (range 3) 34757 | -4/Zhirov | Identified exit to Proximity Caves 34786 | -4/Zhirov | Met Zhirov 34816 | -4/Zhirov | Learned location of Quarantine (-3) 34816 | -4/Zhirov | Learned location of Testing (-2) 34816 | -4/Zhirov | Learned location of Command (-1) 34831 | -4/Zhirov | Zhirov requested help retrieving the SGEMP Prototype 34855 | -4/Zhirov | Found Alien Artifact 34855 | -4/Zhirov | Identified Integrated Reactor 34855 | -4/Zhirov | Installed Integrated Reactor, increased core energy generation (+10) 34874 | -4/Zhirov | Found Alien Artifact 35001 | -4/Zhirov | Entered Proximity Caves 35031 | -3/Proximity Caves | Attracted the attention of an 0b10 checkpoint 36201 | -3/Proximity Caves | Attracted the attention of an 0b10 outpost 36205 | -3/Proximity Caves | Identified Transdimensional Reconstructor 36205 | -3/Proximity Caves | Warped through subspace 36534 | -3/Proximity Caves | Discovered exit to Research (range 13) 36767 | -3/Proximity Caves | Entered Research 36767 | -3/Research | Evolved 2 slots: Propulsion x1, Utility x1 36768 | -3/Research | Loaded intel: 48 interactive machine locations 36769 | -3/Research | Loaded intel: 4 garrison access locations 36967 | -3/Research | Revision forces began assault on 0b10 37012 | -3/Research | Met up with Revision 17++ 37070 | -3/Research | Build established: Mutant 37449 | -3/Research | Spotted B-86 Titan 37467 | -3/Research | Research terminal network offline 37477 | -3/Research | Build established: Golem 37477 | -3/Research | Destroyed B-86 Titan 37763 | -3/Research | Found Gamma Bomb Array 38017 | -3/Research | Spotted Striker 38047 | -3/Research | Destroyed Striker 38465 | -3/Research | Discovered new exit (range 13) 38484 | -3/Research | Identified exit to Armory 38706 | -3/Research | Spotted Striker 38716 | -3/Research | Destroyed Striker 38719 | -3/Research | Spotted Executioner 38725 | -3/Research | Destroyed Executioner 38755 | -3/Research | Found Prototype Processor 38877 | -3/Research | Spotted Striker 38880 | -3/Research | Spotted Striker 38882 | -3/Research | Destroyed Striker 38885 | -3/Research | Destroyed Striker 39042 | -3/Research | Spotted Striker 39045 | -3/Research | Destroyed Striker 39084 | -3/Research | Local machine network offline 39155 | -3/Research | Destroyed 8 combat bots 39181 | -3/Research | Spotted Striker 39195 | -3/Research | Destroyed Striker 39216 | -3/Research | Destroyed 7 combat bots 39538 | -3/Research | Spotted Striker 39542 | -3/Research | Spotted Striker 39554 | -3/Research | Destroyed Striker 39582 | -3/Research | Spotted Striker 39601 | -3/Research | Destroyed Striker 39612 | -3/Research | Destroyed Striker 39636 | -3/Research | Lost 8 parts (1n5u2w) 39647 | -3/Research | Destroyed 18 combat bots 39655 | -3/Research | Spotted Striker 39658 | -3/Research | Spotted Executioner 39661 | -3/Research | Spotted Striker 39665 | -3/Research | Destroyed Executioner 39669 | -3/Research | Destroyed Striker 39706 | -3/Research | Spotted Striker 39717 | -3/Research | Spotted Executioner 39727 | -3/Research | Destroyed Executioner 39750 | -3/Research | System corruption reached 10% 39753 | -3/Research | Spotted Executioner 39760 | -3/Research | Identified Vortex Chain Reactor 39779 | -3/Research | Lost 5 parts (2n2u1w) 39785 | -3/Research | Found Gamma Bomb Array 39800 | -3/Research | Entered Armory 39881 | -3/Armory | Found Prototype Launcher 39881 | -3/Armory | Identified Adv. Micro-nuke Launcher 39920 | -3/Armory | Repaired Tesla Bomb Launcher? 40194 | -3/Armory | Lost 3 allies 40242 | -3/Armory | Discovered new exit (range 5) 40249 | -3/Armory | Identified exit to Research 40250 | -3/Armory | Entered Research 40250 | -2/Research | Warlord forces began assault on 0b10 40250 | -2/Research | Evolved 2 slots: Propulsion x2 40272 | -2/Research | Met up with Warlord 40301 | -2/Research | Lost 3 allies 40360 | -2/Research | Research machine network offline 40483 | -2/Research | Found Gamma Bomb Array 40600 | -2/Research | Build established: Scavenger-Assassin 40714 | -2/Research | Borebot progress halted 40849 | -2/Research | Discovered new exit (range 6) 40860 | -2/Research | Borebot progress halted 40868 | -2/Research | Identified exit to Testing 40879 | -2/Research | Entered Testing 40925 | -2/Testing | Found Prototype Ballistic Cannon 40925 | -2/Testing | Identified Perforator 40978 | -2/Testing | Found Exp. Signal Interpreter 41039 | -2/Testing | Garrison activated, responded to threat 41197 | -2/Testing | Found Prototype Device 41197 | -2/Testing | Identified Exp. EM Disruption Field 41261 | -2/Testing | Found Prototype Ballistic Gun 41261 | -2/Testing | Identified Hyp. Multirail 41314 | -2/Testing | Spotted Striker 41314 | -2/Testing | Spotted Striker 41320 | -2/Testing | Identified exit to Access 41360 | -2/Testing | Entered Access 41360 | -1/Access | Evolved 2 slots: Propulsion x1, Utility x1 41422 | -1/Access | Build established: Scavenger-Scout 41487 | -1/Access | Spotted B-99 Colossus 41505 | -1/Access | Found Quantum Capacitor 41520 | -1/Access | Discovered new exit (range 7) 41578 | -1/Access | Identified exit to Surface 41578 | *** | Escaped! Last Messages --------------- Cutter. 41551_ P-80 Master destroyed. 41551_ HV Slug penetrates Wall. 41552_ Wall collapses. 41555_ Dismantling Sealed Barrier with Plasma Cutter. 41566_ K-01 Serf collects debris. 41567_ Dismantling Sealed Barrier with Plasma Cutter. 41569_ R-10 Processor collects Unknown Reactor. 41570_ K-01 Serf collects debris. 41570_ Dismantling Sealed Barrier with Plasma Cutter. 41570_ Sealed Barrier dismantled. 41573_ R-10 Processor collects Adv. Heat Sink. 41575_ Main Access Shell breached. 41575_ K-01 Serf collects debris. 41576_ R-10 Processor collects Adv. Heat Sink. 41576_ R-10 Processor collects Gamma Rifle. 41578_ EXIT=IDENTIFIED: SURFACE Map ----- +----------------------------------------------------+ | ?????????????????????????????????????????????????? | | ?????????????????????????????????????????????????? | | ?????????????????????????????????????????????????? | | ?????????????????????????????????????????????????? | | ?????????????????????????????????????????????????? | | ?????????????????????????????????????????????????? | | ???????????????? ????????????????????????????????? | | ?????????????????????????????????????????????????? | | ?????????????????????????????????????????????????? | | ?????????????????????????????????????????????????? | | ?????????? ????????????????????????????????????? | | ?????????? ?????????????#??????????????????????? | | ?????????? ????????????????????????????????????? | | ??????????# ????????????????????????????????????? | | ??????????# ?????????###????????????????????????? | | ??????????# #?????#?????????????????????????????? | | ?#????????# #?????#??????#??????????????????????? | | ??????????# #??????????#????????????????????????? | | ??????????# #??????????????????#????????????????? | | ??#???????# #######"#######?????????????????????? | | ?????????## """T"""" ??????????????????????? | | ?????????#; """ """" ??????????BB????????????? | | ????????#?# R " """"""????? BB????????????? | | ??????????# R " "????????????????????? | | ???????#??# k " "" "????????????????????? | | ????#?????# R @" "???????? ???????????? | | ??????????# " " "????????????????????? | | ????#??#??# " """"""??????BB????????????? | | ??????????# " ???? ?????BB????????????? | | ??????????# " ???????????????????????? | | ??????????# n#######"######??????????????????????? | | ??????????# #???????????????????????????????????? | | ?########?# #??#########????????????????????????? | | ?# # #?? ?????????????????????????? | | ?# # #? ?????????????????????????? | | ?# + #? " ? ???????????????????????? | | ?# " #k # """ #?? ? ???#?????????????? | | ?#""" # # """ #??????????????????????? | | ?# """ # + " A +??????????????????????? | | ?# " ?# # #????#?????????????????? | | ?# ?# # #??????????????????????? | | ?# ??# #? #?#????????????????????? | | ########### #? #??????????????????????? | | # #?? #??????????????????????? | | ] # #?? #??????????????????????? | | # #???##########??????????????????????? | | # #???????????????????????????????????? | | # #???????????????????????????????????? | | # #???????????????????????????????????? | | " / #???????????????????????????????????? | +----------------------------------------------------+ Best States ------------- Heat Dissipation 136 Energy Generation 65 Energy Capacity 2300 Matter Stores 300 Matter Capacity 700 Sight Range 20 Robot Scan Range 16 Terrain Scan Range 20 Terrain Scan Density 10 Jamming Range 16 Additional Mass Support 20 Base Temperature (-) 200 Armor Coverage 1200 Resistance: KI 30 Resistance: TH 25 Resistance: EX 15 Resistance: EM 15 Resistance: I 15 Resistance: S 15 Resistance: P 15 Power Shielding 66 Propulsion Shielding 66 Utility Shielding 90 Weapon Shielding 100 Phase Shifting 8 Evasion (%) 79 Targeting Accuracy 8 Core Analysis 8 Recoil Reduction 4 Particle Charging 30 Salvage Targeting 4 Defensive Hacking 20 Authchip Count 1 Item Schematics ----------------- Huge Storage Unit | -10/Materials | Hacked Transport Network Coupler | -9/Materials | Scanalyzed Structural Scanner | -9/Materials | Scanalyzed Com. Matter Pod | -9/Materials | Scanalyzed Plasma Cutter | -8/Materials | Scanalyzed Datajack | -8/Materials | Scanalyzed Riot Gun | -7/Zion | Free Flamer | -7/Zion | Free Hvy. Riot Gun | -7/Zion | Free Barrage Gun | -7/Zion | Free Slug Cannon | -7/Zion | Free Ripper | -7/Zion | Free Plasma Flamer | -7/Zion | Free Gravmag Array | -5/Factory | Scanalyzed Spectral Analyzer | -5/Factory | Scanalyzed Cld. Antigrav System | -4/Factory | Scanalyzed Enh. Biometal Leg | -4/Factory | Scanalyzed Imp. Transmission Jammer | -4/Factory | Scanalyzed Adv. Terrain Scanner | -4/Factory | Scanalyzed Drone Bay | -4/Factory | Scanalyzed Assault Drone Bay | -4/Zhirov | Free Exp. Heat Sink | -4/Zhirov | Free Exp. Optical Array | -4/Zhirov | Free Imp. Arc Thrower | -4/Zhirov | Free Tesla Bomb Launcher | -2/Testing | Archive Hds. Centrium Leg | -2/Testing | Archive Robot Schematics ------------------ K-01 Serf | -2/Testing | Archive Fabricated ------------ Huge Storage Unit | x1 | -7/Factory Repaired ---------- Ion Engine | 61% | -10/Materials Lgt. Assault Rifle | 58% | -10/Materials Lgt. Assault Rifle | 28% | -10/Materials Tesla Bomb Launcher | 7% | -3/Armory Alien Tech Used ----------------- Integrated Reactor Transdimensional Reconstructor Achievements -------------- All-out Warlord Hehehe Help From High Places Leap Before You Look Challenges ------------ None Game ------ Seed ElectrostormAdvancedSword Manual? 0 Play Time 09:55:57 Cumulative 106.4 hours Start 2025.08.25 @ 00:45:25 End 2025.08.28 @ 00:39:04 Sessions 12 Manual Loads 0 Difficulty Rogue Special Mode None Game No. 39 Rogue 36 Adventurer 0 Explorer 3 Win Type 0 Total 3 Types 2/0/0/1/0/0/0/0/0/0 Lore% 67 Gallery% 56 Achievement% 54 Wizard Run 0 Options --------- Layout 1 ASCII 0 Keyboard 0 Movement Mouse Keybinds 0 Fullscreen 2 Font 24/Smallcaps Map View 50x35 Zoom Use 0% Tactical HUD 1 Map Filters NONE Filters NONE Steam 1 RUN: 78266e73-7e60-4815-a776-98ed8fbfaba4